Cogmind - Beta 16 @@@ ROGUE MODE // 2025.10.23 @ 03:58:33 Player: Naughtyusername Result: Escaped! Performance ------------- Evolutions (9) 4500 Regions Visited (25) 5000 Robots Destroyed (368) 1840 Value Destroyed (25924) 25924 Prototype IDs (162) 3240 Alien Tech Used (6) 1200 Bonus (48200) 48200 TOTAL SCORE: 89904 Bonus ------- High Alert Combat Kills 9389 Follower Combat Kills 2194 Network Hubs Disabled 400 Registered with UFD 300 Met Optimus in HQ 500 Met Data Miner 300 Met Zhirov 300 Met Warlord at Base 500 MAIN.C Attacked Warlord 500 Warlord Defense Kills 3366 Built Enhanced Grunts 300 A7 Reached Mainframe 300 Met R17 at Cetus 500 Read Decrypted Archives 300 Hacked Protovariant 500 Met R17 at Research 2000 Scanned by Researcher 500 Destroyed Superfortress 15000 Met Optimus at Protoforge 1000 Destroyed MAIN.C Guards 500 Met MAIN.C 5000 Destroyed MAIN.C Shell 5000 Win 3000 Friendly Fire -3449 Cogmind --------- Core Integrity 307/1600 Matter 200/300 Energy 336/340 System Corruption 5% Temperature Cool (2) Movement Treading (215) Ox1 Location To Epsilon Eridani Parts ------- > --- POWER (3) -------- Concept Zero-point Core Concept Zero-point Core > --- PROPULSION (8) --- Experimental Biometal Medium Treads High-density Centrium Leg > --- UTILITY (11) ----- Concept Antigrav Storage Unit Spectral Analyzer Concept Networked Targeting System Concept Weapon Articulator Concept Core Analysis Suite Experimental Kinecellerator Experimental System Purifier > --- WEAPON (3) ------- (None) > --- INVENTORY (25) --- Concept Zero-point Core Experimental Energy Well (600) Concept Chromion Battery (800) Concept Chromion Battery (800) Concept NT7 Matterbank (750) Concept NT7 Matterbank (750) Spectral Analyzer Weapon Mount Advanced Kinecellerator Graphene Brace Concept Antimissile System Concept Matter Streamer Concept Matter Streamer Transdimensional Reconstructor Heavy Quantum Rifle Heavy Quantum Rifle Gamma Bomb Array Peak State ------------ > --- POWER ------------ Experimental Antimatter Reactor Concept Zero-point Core Concept Zero-point Core > --- PROPULSION ------- Experimental Antigrav System Experimental Antigrav System Gravjet Array Concept Combat Aerolev Unit Concept Combat Aerolev Unit Concept Gyrokinetic System Concept Gyrokinetic System > --- UTILITY ---------- Concept Thermoelectric Network Concept Antigrav Storage Unit Spectral Analyzer Experimental Active Sensor Suite Concept Core Analysis Suite Experimental Armor Integrity Analyzer Experimental Reaction Control System Centrium Medium Armor Plating Concept Navigation Harness > --- WEAPON ----------- Potential Cannon Concept XC Strikerail > --- INVENTORY -------- Concept Zero-point Core Concept Chromion Battery Concept Chromion Battery Concept NT7 Matterbank Concept NT7 Matterbank Concept Networked Targeting System Concept Weapon Articulator Experimental Kinecellerator Quantum Capacitor Centrium Medium Armor Plating Concept RG22 Armor Graphene Brace Concept Antimissile System Concept Matter Streamer Concept Matter Streamer Crosscalibrator Transdimensional Reconstructor Concept Plasma Driver Concept Plasma Driver Enhanced Hardcell Cannon Concept Helical Railcannon Concept Heavy Railcannon Gamma Bomb Array [Rating: 304] Favorites ----------- Power Concept Zero-point Core Engine Ion Engine Power Core Concept Zero-point Core Reactor Micro Antimatter Reactor Propulsion Cooled Antigrav System Treads Light Treads Leg Titanium Leg Hover Unit Cooled Antigrav System Utility Advanced Signal Interpreter Device Advanced Cooling System Storage Large Storage Unit Processor Advanced Signal Interpreter Hackware System Mapper Protection Medium Regenerative Plating Weapon Gauss Cannon Energy Gun Force Rifle Energy Cannon Cooled Plasma Cannon Ballistic Gun Advanced KE Penetrator Ballistic Cannon Gauss Cannon Launcher Precision Rocket Launcher Special Weapon RU-N14's Throwing Claymores v3 Slashing Weapon Sigix Broadsword Build | -11 -10 -10 -8 -6 -6 -6 -6 -5 -5 -5 -5 -5 -5 -4 -4 -4 -4 -3 -3 -3 -2 -2 -2 -1 -1 ------- Run | Yrd Mat Sub Scr Fac Low Low Dat Pro Fac Ext Cet Arc Hub Fac Upp Upp War Pro Res Qua Res Tes Frg Acc Com Slots Evolved 18 | . . . . 8 . . . . 2 . . . . 2 . . . . 2 . 2 . . 2 . Power 2 | . . . . . . . . . 1 . . . . . . . . . . . . . . 1 . Propulsion 6 | . . . . 4 . . . . . . . . . 2 . . . . . . . . . . . Utility 9 | . . . . 3 . . . . 1 . . . . . . . . . 2 . 2 . . 1 . Weapon 1 | . . . . 1 . . . . . . . . . . . . . . . . . . . . . Parts Attached 334 | 7 . . 9 51 . 2 . . 27 8 13 . 4 6 2 5 17 . 19 11 6 21 93 1 32 Power 30 | 1 . . 1 4 . . . . 5 . 1 . . . . 2 1 . . 3 2 2 6 . 2 Engine 1 | 1 . . . . . . . . . . . . . . . . . . . . . . . . . Core 12 | . . . 1 3 . . . . 5 . . . . . . . . . . . . . 3 . . Reactor 17 | . . . . 1 . . . . . . 1 . . . . 2 1 . . 3 2 2 3 . 2 Propulsion 87 | 2 . . 3 22 . . . . 5 . 1 . 1 3 . . 3 . 5 2 2 3 27 . 8 Treads 6 | 2 . . . . . . . . . . . . . . . . . . . . . . . . 4 Leg 28 | . . . 3 10 . . . . . . . . . . . . . . . . . . 14 . 1 Wheel . | . . . . . . . . . . . . . . . . . . . . . . . . . . Hover 53 | . . . . 12 . . . . 5 . 1 . 1 3 . . 3 . 5 2 2 3 13 . 3 Flight . | . . . . . . . . . . . . . . . . . . . . . . . . . . Utility 134 | 2 . . 3 13 . 1 . . 9 5 8 . 2 2 1 3 5 . 6 1 1 8 51 1 12 Device 69 | 1 . . . 8 . 1 . . 5 3 2 . 2 1 . 1 4 . 3 . 1 6 21 1 9 Storage 14 | 1 . . 1 . . . . . . . 1 . . . . . . . 2 1 . 1 6 . 1 Processor 24 | . . . 2 2 . . . . 1 1 . . . 1 . 2 1 . . . . 1 12 . 1 Hackware 5 | . . . . . . . . . 2 . 2 . . . . . . . 1 . . . . . . Protection 22 | . . . . 3 . . . . 1 1 3 . . . 1 . . . . . . . 12 . 1 Artifact . | . . . . . . . . . . . . . . . . . . . . . . . . . . Weapon 83 | 2 . . 2 12 . 1 . . 8 3 3 . 1 1 1 . 8 . 8 5 1 8 9 . 10 Energy Gun 14 | 2 . . . 5 . . . . . . . . . . . . 2 . . . 1 1 . . 3 Energy Cannon 11 | . . . . 1 . . . . . . . . . . . . . . 3 1 . 3 1 . 2 Ballistic Gun 28 | . . . 1 2 . 1 . . 6 3 3 . . 1 . . . . 5 . . 1 5 . . Ballistic Cannon 20 | . . . 1 2 . . . . 1 . . . 1 . 1 . 2 . . 3 . 1 3 . 5 Launcher 4 | . . . . 1 . . . . 1 . . . . . . . . . . . . 2 . . . Special Weapon 5 | . . . . 1 . . . . . . . . . . . . 4 . . . . . . . . Impact Weapon . | . . . . . . . . . . . . . . . . . . . . . . . . . . Slashing Weapon 1 | . . . . . . . . . . . . . . . . . . . . 1 . . . . . Piercing Weapon . | . . . . . . . . . . . . . . . . . . . . . . . . . . Special Melee Weapon . | . . . . . . . . . . . . . . . . . . . . . . . . . . Unidentified Prototypes 75 | . . . . 9 . . . . 3 . 6 . 2 . . . 11 . 3 4 . 11 17 . 9 Corrupted Parts 3 | . . . . . . . . . . . . . . . . . . . . . . . . . 3 System Corruption 13 | . . . . . . . . . . . . . . . . . . . . . . . . . 13 Parts Lost 86 | . . . . 3 . . . . 13 . . . . 2 . 2 2 . 1 4 3 1 21 . 34 Power 6 | . . . . . . . . . 2 . . . . . . . . . . . 1 . . . 3 Propulsion 34 | . . . . 3 . . . . 7 . . . . 2 . . 1 . . 1 2 . 8 . 10 Utility 27 | . . . . . . . . . 2 . . . . . . 1 . . 1 2 . 1 10 . 10 Weapon 19 | . . . . . . . . . 2 . . . . . . 1 1 . . 1 . . 3 . 11 Highest Loss Streak 12 | . . . . 1 . . . . 4 . . . . 2 . 2 2 . 1 3 2 1 6 . 12 To Critical Strikes 2 | . . . . . . . . . . . . . . . . . . . . 1 . . . . 1 Average Backups 14 | 2 5 6 10 14 15 15 15 15 14 14 14 14 14 14 14 5 4 5 13 19 18 17 19 22 19 Power 1 | . 2 2 . 1 2 2 2 1 1 1 1 1 1 2 2 . . . . 1 1 2 1 1 1 Propulsion 1 | 1 2 3 3 1 2 2 2 2 . 1 1 2 2 . . . . . 3 2 3 . 1 . . Utility 5 | . . . 2 3 6 6 6 6 5 4 5 5 5 6 7 2 1 3 5 3 1 3 9 14 12 Weapon 4 | . 1 1 2 5 3 3 3 3 4 4 4 4 3 3 3 1 2 2 4 8 9 10 6 5 4 Tool/Special . | . . . . . . . . . . . . . . . . . . . . . . . . . . Unused Backups 99 | . . . 20 21 . . . . 2 3 6 . 1 . 1 1 3 . 9 6 1 6 14 . 5 Power 14 | . . . 2 4 . . . . . 1 1 . . . 1 . . . . 2 1 . 2 . . Propulsion 16 | . . . 3 3 . . . . . 1 . . 1 . . . . . 2 3 . . 3 . . Utility 34 | . . . 8 5 . . . . 1 1 1 . . . . 1 . . 3 . . 2 8 . 4 Weapon 32 | . . . 7 8 . . . . 1 . 4 . . . . . 3 . 4 . . 4 1 . . Tool/Special 3 | . . . . 1 . . . . . . . . . . . . . . . 1 . . . . 1 Average Slot Usage (%) 88 | . 100 100 99 89 100 100 88 100 86 79 82 88 87 83 84 83 78 78 82 83 83 93 85 84 80 Core 6 | . . . 13 5 6 6 6 6 6 8 9 5 5 5 5 . . . . . . . 4 7 5 Reactor 2 | . . . . . . . . . . . . 5 5 5 5 9 6 5 4 8 7 8 3 4 4 Treads 1 | . 28 28 . . . . . . . . . . . . . . . . . . . . . . 6 Leg 8 | . . . 27 19 . . . . . . . . . . . . . . . . . . 7 . 1 Hover 17 | . . . . 16 40 40 40 40 26 23 23 23 23 25 26 26 29 31 30 28 26 29 19 28 14 Device 9 | . 14 14 1 11 13 13 13 13 9 6 5 5 5 6 10 9 9 10 10 8 13 14 13 12 20 Storage 6 | . 14 14 14 6 6 6 6 6 5 5 5 5 5 5 5 . . . 3 4 6 7 4 4 4 Processor 12 | . . . 12 9 13 13 13 13 13 14 10 5 5 5 5 13 15 15 14 13 8 12 15 12 11 Hackware 1 | . . . . . . . . . 2 . 1 11 11 8 5 . . . 3 4 4 4 . . . Protection 2 | . . . . 3 . . . . 1 . 4 5 4 5 5 5 5 5 3 4 4 3 5 7 4 Energy Gun 2 | . 28 28 1 4 13 13 5 13 1 . . . . . . . 3 . . . . . . . . Energy Cannon 1 | . . . . 1 6 6 2 6 1 . . . . 2 3 5 2 . 1 2 3 3 2 4 1 Ballistic Gun 7 | . . . 13 1 . . . . 11 16 16 17 16 12 10 5 1 . 4 2 4 6 4 4 1 Ballistic Cannon 4 | . . . 13 5 . . . . . . . . . . 1 5 2 10 2 . . . 2 . 3 Peak Build Rating 304 | 7 7 7 29 81 77 77 77 77 93 97 118 118 118 132 133 132 140 138 158 170 184 200 278 304 296 Average Rating 120 | 5 7 7 25 58 77 76 62 76 82 90 104 118 117 127 126 122 125 138 145 161 162 189 225 299 262 On Entrance 109 | . 7 7 7 28 77 77 77 77 77 81 95 118 118 115 128 125 122 140 138 151 128 175 196 278 292 Avg Prop Armor Cover (%) 5 | . . . . 6 . . . . 7 . . . . . . . . . . . . . 7 . 1 Naked Turns . | . . . . . . . . . . . . . . . . . . . . . . . . . . Heaviest Build 141 | 15 15 15 37 66 50 50 50 50 62 71 74 68 70 73 82 68 90 91 114 117 115 112 124 121 141 Greatest Support 295 | 40 40 40 40 96 57 57 57 57 65 65 87 71 71 97 89 89 102 92 106 114 110 112 220 130 295 Greatest Overweight (x) 2 | . . . 1 1 . . . . 1 1 1 . 1 . . . 1 . 1 1 1 1 2 . 2 Average Overweight (x) . | . . . . . . . . . . . . . . . . . . . . . . . . . . Largest Inventory Capacity 25 | 8 8 8 15 15 15 15 15 15 15 15 15 15 15 15 15 15 5 5 20 20 20 20 25 25 25 Average Capacity 16 | 7 8 8 13 15 15 15 15 15 15 15 15 15 15 15 15 5 5 5 17 20 20 20 21 25 25 Most Carried 25 | 5 6 6 15 15 15 15 15 15 15 15 15 15 15 15 15 15 5 5 20 20 20 20 25 25 25 Average Carried 14 | 2 5 6 10 14 15 14 15 14 14 14 14 15 15 14 14 5 4 5 14 19 19 19 20 24 20 Final Capacity 25 | 8 8 8 15 15 15 15 15 15 15 15 15 15 15 15 15 5 5 5 20 20 20 20 25 25 25 Final Carried 25 | 5 6 6 15 15 15 15 15 15 14 15 15 15 15 14 15 5 5 5 20 20 19 20 25 23 17 Class Distribution -------------------- 29% | Mutant 14% | Scavenger-Gunner 10% | Scout 7% | Scavenger-Scout 4% | Scavenger-Mutant 4% | Scavenger-Skirmisher 4% | Hacker-Mutant 3% | Scientist-Gunner 3% | Commander-Tank 3% | Commander-Skirmisher 3% | Scavenger-Tank Dominant Class ---------------- Mutant | -10/Materials Mutant | -10/Subcaves Mutant | -8/Scraptown Scout | -6/Factory Scout | -6/Lower Caves Scout | -6/Lower Caves Scout | -6/Data Miner Scout | -5/Proximity Caves Scout | -5/Factory Commander-Skirmisher | -5/Extension Commander-Tank | -5/Cetus Commander-Tank | -5/Archives Scavenger-Gunner | -5/Hub_04(d) Scavenger-Skirmisher | -4/Factory Scavenger-Skirmisher | -4/Upper Caves Scavenger-Gunner | -4/Upper Caves Scavenger-Gunner | -4/Warlord Scavenger-Gunner | -3/Proximity Caves Hacker-Mutant | -3/Research Hacker-Mutant | -3/Quarantine Scavenger-Gunner | -2/Research Scientist-Gunner | -2/Testing Scavenger-Scout | -2/Protoforge Scout | -1/Access Gunner | -1/Command Resources | -11 -10 -10 -8 -6 -6 -6 -6 -5 -5 -5 -5 -5 -5 -4 -4 -4 -4 -3 -3 -3 -2 -2 -2 -1 -1 ----------- Run | Yrd Mat Sub Scr Fac Low Low Dat Pro Fac Ext Cet Arc Hub Fac Upp Upp War Pro Res Qua Res Tes Frg Acc Com Matter Collected 22038 | 270 . . 90 1376 265 50 . 35 1021 697 597 . 407 216 219 245 551 . 706 492 89 552 11332 . 2828 Remotely 4815 | . . . . 445 . . . . . . . . . . . . . . . . . . 3270 . 1100 Salvage Created 19214 | 178 58 . . 1344 130 . . . 1507 934 473 . 864 901 . 127 885 . 886 785 188 784 5997 . 3173 Parts 833 | 15 . . . 55 5 . . . 94 40 35 . 37 39 . 5 21 . 40 45 7 44 259 . 92 Haulers Intercepted 12 | . . . . 3 . . . . 1 . . . 3 . . . . . 3 . 2 . . . . Recyclers Shooed 5 | . . . . . . . . . 2 1 . . . 2 . . . . . . . . . . . Parts Field Recycled . | . . . . . . . . . . . . . . . . . . . . . . . . . . Retrieved Matter . | . . . . . . . . . . . . . . . . . . . . . . . . . . Parts Self-Destructed 13 | . . 6 . . 1 . . . . . . . . . 1 5 . . . . . . . . . Prevented . | . . . . . . . . . . . . . . . . . . . . . . . . . . Parts Restored 6 | . . . . . . . . . . . . . . . . . . . . . . . 6 . . Faulty 6 | . . . . . . . . . . . . . . . . . . . . . . . 6 . . Kills | -11 -10 -10 -8 -6 -6 -6 -6 -5 -5 -5 -5 -5 -5 -4 -4 -4 -4 -3 -3 -3 -2 -2 -2 -1 -1 ------- Run | Yrd Mat Sub Scr Fac Low Low Dat Pro Fac Ext Cet Arc Hub Fac Upp Upp War Pro Res Qua Res Tes Frg Acc Com Combat Hostiles Destroyed 274 | . . . . 27 . . . . 20 8 1 . 1 15 . 2 26 . 9 15 . 7 104 . 39 Melee 8 | . . . . . . . . . . . . . . . . . . . . 8 . . . . . Guns 81 | . . . . 2 . . . . 10 8 1 . 1 2 . 1 3 . 1 . . 6 44 . 2 Cannons 77 | . . . . 9 . . . . 3 . . . . . . 1 6 . 1 3 . 1 33 . 20 AOE 87 | . . . . 14 . . . . 7 . . . . 11 . . 16 . 5 4 . . 21 . 9 Classes Destroyed 30 | 2 . . . 11 1 . . . 1 . 1 . . 1 . . 4 . . . . . 8 . 1 Worker 20 | . . . . 4 . . . . 1 1 . . 2 6 . . . . . . . 3 . . 3 Builder 13 | . . . . 1 . . . . 9 . . . 2 . . . . . . . . 1 . . . Tunneler 8 | 5 . . . . . . . . 1 . . . 1 1 . . . . . . . . . . . Hauler 12 | . . . . 3 . . . . 1 . . . 3 . . . . . 3 . 2 . . . . Recycler 10 | 1 1 . . . . . . . 1 2 . . 3 1 . . . . 1 . . . . . . Carrier 1 | . . . . . . . . . . . . . . . . . . . . . . . 1 . . Mechanic 3 | . . . . 1 . . . . . . . . . . . . 1 . . . . . 1 . . Operator 5 | . . . . 1 . . . . 1 . . . . . . . . . 1 . . 1 . . 1 Drone 4 | . . . . . . . . . . . . . . . . . . . . . . . 4 . . Watcher 6 | . . . . 1 . . . . 1 . . . . 1 . . . . . . . 1 . . 2 Swarmer 34 | . . . . 7 . . . . 4 . . . . 9 . . . . 5 3 . . 6 . . Saboteur 4 | . . . . . . . . . . . . . . . . . 3 . . . . . . . 1 Grunt 80 | . . . . 13 . . . . 7 5 . . . 3 . . 14 . . . . 4 24 . 10 Brawler 4 | . . . . . . . . . . . . . . . . . 1 . . . . . 2 . 1 Duelist 5 | . . . . . . . . . . . . . . 1 . . . . . . . . 3 . 1 Protector 8 | . . . . . . . . . . . . . . . . . 3 . . . . . 5 . . Researcher 5 | . . . . . . . . . . . . . . . . . . . . . . . 5 . . Sentry 21 | . . . . 3 . . . . 3 2 . . . . . . . . 2 . . . 10 . 1 Specialist 7 | . . . . . . . . . . . . . . . . . 1 . . 3 . 3 . . . Hunter 16 | . . . . . . . . . 1 . . . 1 1 . 2 1 . . . . . 10 . . Programmer 30 | . . . . 3 . . . . 5 . . . . 1 . . . . 2 9 . . 7 . 3 Behemoth 3 | . . . . 1 . . . . . 1 . . . . . . 1 . . . . . . . . Cetus Guard 1 | . . . . . . . . . . . 1 . . . . . . . . . . . . . . M Guard 2 | . . . . . . . . . . . . . . . . . . . . . . . . . 2 Enhanced Q-Series 15 | . . . . . . . . . . . . . . . . . . . . . . . . . 15 Hotshot 10 | . . . . . . . . . . . . . . . . . . . . . . . 10 . . Decapitator 11 | . . . . . . . . . . . . . . . . . . . . . . . 11 . . Immortal 4 | . . . . . . . . . . . . . . . . . . . . . . . 4 . . Combat Programmer 2 | . . . . . . . . . . . . . . . . . . . . . . . . . 2 Striker 4 | . . . . . . . . . . . . . . . . . 2 . . . . . 2 . . Executioner 5 | . . . . . . . . . . . . . . . . . . . . . . . 3 . 2 Alpha 7 2 | . . . . . . . . . . . . . . . . . . . . . . . 2 . . V-Series 1 | . . . . . . . . . . . . . . . . . . . . . . . 1 . . Scrapoid 1 | . . . . . . . . . . . . . . . . . . . . . . . 1 . . Packrat 1 | . . . . . 1 . . . . . . . . . . . . . . . . . . . . Samaritan 1 | . . . . . 1 . . . . . . . . . . . . . . . . . . . . Thug 6 | . . . . . . . . . . . 3 . . . . . 3 . . . . . . . . Savage 1 | . . . . . . . . . . . 1 . . . . . . . . . . . . . . Butcher 1 | . . . . . . . . . . . . . . . . . 1 . . . . . . . . Guerrilla 1 | . . . . . . . . . . . 1 . . . . . . . . . . . . . . Best Kill Streak 22 | 4 1 . . 11 . . . . 9 3 1 . 6 19 . 2 17 . 5 6 1 9 11 . 22 Combat Bots Only 17 | . . . . 7 . . . . 6 2 1 . 1 11 . 2 17 . 5 6 . 7 11 . 11 Max Kills in Single Turn 10 | 1 1 . . 3 1 . . . 5 2 2 . 2 10 . 1 4 . 3 2 1 1 2 . 3 Gunslinging 1 | . . . . . . . . . . 1 . . . . . . . . . . . . . . . Exploded 5 | . . . . 3 . . . . 5 . . . . 5 . . 3 . 3 2 . . 2 . 3 Melee 1 | . . . . . . . . . . . . . . . . . . . . 1 . . . . . Uniques/NPCs Destroyed 2 | . . . . . . . . . . . 1 . . . . . . . . . . . . . 1 A7 (-5/Cetus) MAIN.C Shell (-1/Command) Combat | -11 -10 -10 -8 -6 -6 -6 -6 -5 -5 -5 -5 -5 -5 -4 -4 -4 -4 -3 -3 -3 -2 -2 -2 -1 -1 -------- Run | Yrd Mat Sub Scr Fac Low Low Dat Pro Fac Ext Cet Arc Hub Fac Upp Upp War Pro Res Qua Res Tes Frg Acc Com Hostile Shots Fired 1732 | . . . . 150 . . . . 166 14 9 . 35 58 . 56 17 . 26 130 87 42 443 . 499 Missed 622 | . . . . 61 . . . . 52 3 2 . 16 24 . 23 8 . 5 52 36 25 167 . 148 Intercepted 12 | . . . . . . . . . . . . . . . . . . . . . . . . . 12 Hits 1110 | . . . . 89 . . . . 114 11 7 . 19 34 . 33 9 . 21 78 51 17 276 . 351 Melee 18 | . . . . . . . . . . . . . . . . . . . . . . . 18 . . Projectile 1092 | . . . . 89 . . . . 114 11 7 . 19 34 . 33 9 . 21 78 51 17 258 . 351 AOE 21 | . . . . . . . . . . . . . . . . . 5 . . . . 2 10 . 4 Critical Strikes 67 | . . . . 4 . . . . 5 1 2 . 1 1 . 1 1 . 1 4 1 2 27 . 16 Actively Blocked 22 | . . . . . . . . . . . . . . . . . . . . . . . 22 . . Part Disruptions 12 | . . . . . . . . . 2 . . . . . . . . . . . . . 1 . 9 Damage Taken 28959 | . . . . 1525 . . . . 2406 391 137 . 429 666 . 585 539 . 637 1490 1284 614 7167 272 10817 Core 3013 | . . . . 163 . . . . 217 21 . . 45 25 . 63 16 . 70 179 146 52 723 272 1021 Absorbed by Shields 2561 | . . . . 180 . . . . . 10 74 . . . . . . . . . . . 1929 . 368 Redirected to Shielding 424 | . . . . . . . . . . . . . . . . . . . . . . . 424 . . Ignored by Resistances 910 | . . . . . . . . . . . . . . . . . . . . . . . 182 . 728 Regen/Repaired (Parts) 2896 | . . . . . . . . . . . 20 . 60 115 6 24 347 34 252 499 178 360 568 . 433 Core Remaining (%) 70 | 100 . . 100 . . . . 80 . . . . 71 . . . . 90 . 80 . . 24 . 19 Volleys Fired 1077 | 7 . . . 80 20 7 . 20 77 49 23 . 30 32 22 17 52 . 33 31 8 71 360 1 137 Largest 3 | 2 . . . 3 3 2 . 1 3 3 3 . 3 3 1 3 3 . 3 3 3 3 3 1 3 Hottest 312 | 80 . . . 240 195 115 . 35 195 105 105 . 105 105 35 121 134 . 113 172 300 140 300 200 312 Shots Fired 1910 | 14 . . . 171 25 8 . 20 181 107 67 . 80 52 22 32 94 . 47 42 13 89 601 1 244 Gun 955 | 14 . . . 61 4 1 . . 147 100 65 . 74 29 . 8 51 . 18 . 7 23 291 . 62 Cannon 881 | . . . . 99 21 7 . 20 31 7 1 . 6 20 22 24 29 . 27 40 6 65 286 1 169 Launcher 59 | . . . . 11 . . . . 3 . . . . 3 . . . . 2 2 . 1 24 . 13 Special 15 | . . . . . . . . . . . 1 . . . . . 14 . . . . . . . . Kinetic 1250 | . . . . 95 . . . . 137 100 65 . 74 29 . 15 27 . 33 15 4 23 474 . 159 Thermal 500 | . . . . 65 25 8 . 20 41 7 1 . 6 20 22 17 9 . . 24 9 65 88 1 72 Explosive 52 | . . . . 11 . . . . 3 . . . . 3 . . 13 . 2 2 . . 18 . . Electromagnetic 62 | 14 . . . . . . . . . . . . . . . . . . 12 1 . 1 21 . 13 Entropic 44 | . . . . . . . . . . . . . . . . . 44 . . . . . . . . Robot Hit Streak 60 | 6 . . . 13 5 . . . 14 9 8 . 7 5 . 2 9 . 4 3 4 7 18 . 60 Robot Miss Streak 5 | 1 . . . 4 . . . . 3 5 5 . 3 2 . 5 3 . 2 3 1 4 5 . 2 Penetration Max 2 | . . . . 1 . . . . 2 2 2 . 1 . . . 1 . . . 1 1 2 . 2 Secondary Targets 10 | . . . . . . . . . 3 2 . . . 2 . . . . . . . . 3 . . Max Gunslinging Chain 2 | . . . . . . . . . 1 1 . . . 2 . . . . . . . . 1 . . Capacitor 11 | . . . . . . . . . . . . . . . . . . . . . . . . . 11 Shots Hit Robots 1073 | 10 . . . 114 3 . . . 102 53 33 . 47 24 . 8 48 . 17 24 2 26 354 . 208 Core Hits 813 | 6 . . . 58 3 . . . 68 31 30 . 18 88 . 5 71 . 17 19 2 20 263 . 114 Critical Kills 68 | . . . . 1 1 . . . 5 6 3 . 3 1 . 1 . . 1 1 1 6 35 . 3 Critical Parts Destroyed 99 | . . . . 3 . . . . 17 12 3 . 9 1 . . 6 . . . . 2 44 . 2 Critical Strikes 217 | 1 . . . 12 1 . . . 23 19 6 . 12 2 . 1 7 . 1 3 1 8 110 . 10 Meltdown 7 | . . . . 1 . . . . . . . . . 1 . . . . . . . . 3 . 2 Destroy 169 | . . . . 3 1 . . . 23 19 6 . 12 1 . 1 1 . 1 1 1 8 88 . 3 Blast 32 | . . . . 8 . . . . . . . . . . . . . . . . . . 19 . 5 Corrupt 1 | 1 . . . . . . . . . . . . . . . . . . . . . . . . . Sever 3 | . . . . . . . . . . . . . . . . . 1 . . 2 . . . . . Detonate 5 | . . . . . . . . . . . . . . . . . 5 . . . . . . . . Melee Attacks 32 | . . . . . . . . . . . . . . . . . . . . 32 . . . . . Impact . | . . . . . . . . . . . . . . . . . . . . . . . . . . Slashing 32 | . . . . . . . . . . . . . . . . . . . . 32 . . . . . Piercing . | . . . . . . . . . . . . . . . . . . . . . . . . . . Sneak Attacks . | . . . . . . . . . . . . . . . . . . . . . . . . . . Combat Hostiles . | . . . . . . . . . . . . . . . . . . . . . . . . . . Follow-up Attacks . | . . . . . . . . . . . . . . . . . . . . . . . . . . Damage Inflicted 69304 | 185 11 . . 5480 71 . . . 4064 869 1394 . 1938 3476 . 242 8033 . 1154 2246 116 861 22744 . 16420 Guns 16972 | 137 . . . 1030 71 . . . 2731 869 1394 . 1926 509 . 46 1319 . 174 . 52 131 4884 . 1699 Cannons 28908 | . . . . 2060 . . . . 326 . . . . 199 . 196 851 . 377 208 42 538 11554 . 12557 Explosions 21596 | 48 . . . 2390 . . . . 1007 . . . . 2768 . . 5557 . 603 720 . 119 6220 . 2164 Melee 1318 | . . . . . . . . . . . . . . . . . . . . 1318 . . . . . Ramming 204 | . 11 . . . . . . . . . . . 12 . . . . . . . 22 73 86 . . Kinetic 33718 | . . . . 1960 . . . . 2613 869 1394 . 1926 509 . 148 720 . 225 208 52 131 13582 . 9381 Thermal 16209 | 48 . . . 1130 71 . . . 444 . . . . 607 . 94 1800 . . . 42 538 5067 . 6368 Explosive 13270 | . . . . 2390 . . . . 1007 . . . . 1102 . . 3822 . 603 720 . . 3626 . . Electromagnetic 3063 | 137 . . . . . . . . . . . . . 1258 . . 169 . 326 . . 119 383 . 671 Impact . | . . . . . . . . . . . . . . . . . . . . . . . . . . Slashing 1624 | . . . . . . . . . . . . . . . . . 306 . . 1318 . . . . . Piercing . | . . . . . . . . . . . . . . . . . . . . . . . . . . Entropic 1216 | . . . . . . . . . . . . . . . . . 1216 . . . . . . . . Highest Corruption 29 | . . . . 6 6 6 6 6 14 8 8 8 8 1 1 1 1 . 4 15 5 2 29 . 24 Average Corruption 9 | . . . . 2 6 6 6 6 8 8 8 8 8 1 1 1 1 . 3 6 3 1 18 . 12 Corruption Purged 55 | . . . . . . . . . 10 . . . . . . . . . . . 6 2 . . 37 Corruption Blocked . | . . . . . . . . . . . . . . . . . . . . . . . . . . Effects 468 | . . . . 31 8 8 . 6 38 36 17 3 12 3 3 5 . . 11 18 2 1 236 . 30 Message Errors 88 | . . . . 4 2 . . 3 15 10 3 . 5 1 . 1 . . 2 6 . . 31 . 5 Matter Fused 89 | . . . . 8 1 1 . 1 2 7 5 1 2 1 2 . . . 2 2 . . 48 . 6 Heat Flow Errors 58 | . . . . 4 1 . . . 7 5 2 1 1 . 1 . . . . 2 . 1 28 . 5 Energy Discharges 64 | . . . . 4 1 2 . 1 3 3 . . 1 1 . 2 . . 1 5 1 . 35 . 4 Parts Rejected 6 | . . . . . . . . . 1 . 1 . . . . . . . . . . . 4 . . Parts Fused 2 | . . . . . . 1 . . . 1 . . . . . . . . . . . . . . . Data Loss (minor) 51 | . . . . 6 1 1 . 1 1 5 3 1 . . . 1 . . 3 1 . . 26 . 1 Data Loss (major) 21 | . . . . 3 . 1 . . 1 1 1 . 1 . . . . . 1 1 . . 8 . 3 Misfires 17 | . . . . . 1 1 . . 1 1 2 . 2 . . 1 . . 2 1 1 . 3 . 1 Alerts 13 | . . . . 2 1 . . . 1 1 . . . . . . . . . . . . 8 . . Misdirections 22 | . . . . . . . . . 5 . . . . . . . . . . . . . 16 . 1 Weapon Failures 37 | . . . . . . 1 . . 1 2 . . . . . . . . . . . . 29 . 4 Overload Shots 2 | . . . . . . . . . . 1 1 . . . . . . . . . . . . . . Overflow Damage 3075 | . . . . 135 . . . . 85 . . . . 61 . . 244 . 12 246 . 47 1367 . 878 Projectiles 2061 | . . . . 48 . . . . 21 . . . . . . . 131 . 6 11 . 14 1178 . 652 Explosions 701 | . . . . 87 . . . . 64 . . . . 61 . . 113 . 6 11 . . 133 . 226 Melee 313 | . . . . . . . . . . . . . . . . . . . . 224 . 33 56 . . Knockbacks 105 | . . . . 13 . . . . . . . . 1 . . 2 2 . . . . 1 30 . 56 Impact 3 | . . . . . . . . . . . . . 1 . . . . . . . . 1 1 . . Kinetic 94 | . . . . 10 . . . . . . . . . . . 2 1 . . . . . 28 . 53 Secondary 8 | . . . . 3 . . . . . . . . . . . . 1 . . . . . 1 . 3 Self-Inflicted Damage 693 | . . . . 45 . . . . 111 . . . 6 48 . . . . . . 11 60 390 . 22 Shots 17 | . . . . 1 . . . . 2 . . . . 1 . . . . . . . 3 8 . 2 Rammed 6 | . 2 . . . . . . . . . . . 1 . . . . . . . 1 1 1 . . Targets Rammed 8 | . 3 . . . . . . . . . . . 1 . . . . . . . 1 1 2 . . Kicked 1 | . . . . . . . . . . . . . . . . . . . . . . . 1 . . Crushed 1 | . 1 . . . . . . . . . . . . . . . . . . . . . . . . Highest Temperature 544 | 54 . . . 342 117 . . . 278 318 318 274 356 371 166 . 28 . 320 218 206 116 425 544 223 Average Temperature 111 | 24 . . . 92 46 . . . 107 101 112 33 128 108 63 . 16 . 155 67 50 26 75 199 133 Received Heat Transfer 3807 | . . . . 254 . . . . 315 145 . . 81 111 . . 9 . 36 78 99 27 621 . 2031 Thermoelectric Energy+ 2703 | . . . . . . . . . . . . . . . . . . . . . . . . 145 2558 Effects 22 | . . . . . . . . . . . . . 1 5 . . . . 3 . . . 1 4 8 Shutdowns 4 | . . . . . . . . . . . . . 1 1 . . . . . . . . . 2 . Energy Bleed 9 | . . . . . . . . . . . . . . 2 . . . . 2 . . . 1 . 4 Interference 7 | . . . . . . . . . . . . . . 2 . . . . 1 . . . . . 4 Matter Decay 1 | . . . . . . . . . . . . . . . . . . . . . . . . 1 . Damage (core) 1 | . . . . . . . . . . . . . . . . . . . . . . . . 1 . Siege Activations 1 | . . . . . . . . . . . . . . . . . . . . . . . . . 1 Total Turns 1 | . . . . . . . . . . . . . . . . . . . . . . . . . 1 Longest Duration 1 | . . . . . . . . . . . . . . . . . . . . . . . . . 1 Martial Activations . | . . . . . . . . . . . . . . . . . . . . . . . . . . Shielding Activations . | . . . . . . . . . . . . . . . . . . . . . . . . . . Robots Disrupted 3 | . . . . . . . . . . . . . . 3 . . . . . . . . . . . Combat Hostiles 2 | . . . . . . . . . . . . . . 2 . . . . . . . . . . . Robots Corrupted 13 | . . . . . . . . . . . . . . 2 . . . . 2 . . 1 3 . 5 Combat Hostiles 11 | . . . . . . . . . . . . . . 2 . . . . 2 . . . 2 . 5 Parts Fried 25 | 1 . . . . . . . . . . . . . 3 . . . . 1 . . 2 4 . 14 Impact Corruptions 6 | . . . . . . . . . . . . . . . . . . . . . . 2 2 . 2 Robots Melted 10 | . . . . 2 . . . . . . . . . 1 . . 1 . . . . . 3 . 3 Combat Hostiles 9 | . . . . 2 . . . . . . . . . . . . 1 . . . . . 3 . 3 Parts Melted 19 | . . . . 9 . . . . 2 . . . . 1 . . . . . . . 1 3 . 3 Heat Transferred 12471 | 50 . . . 1647 111 . . . 635 . . . . 600 . 150 1350 . . . 37 444 3687 . 3760 Parts Sabotaged . | . . . . . . . . . . . . . . . . . . . . . . . . . . Parts Stolen . | . . . . . . . . . . . . . . . . . . . . . . . . . . Parts Stripped . | . . . . . . . . . . . . . . . . . . . . . . . . . . Power Chain Reactions 7 | 1 . . . . . . . . . . . . . 4 . . . . . . . . . . 2 Alert | -11 -10 -10 -8 -6 -6 -6 -6 -5 -5 -5 -5 -5 -5 -4 -4 -4 -4 -3 -3 -3 -2 -2 -2 -1 -1 ------- Run | Yrd Mat Sub Scr Fac Low Low Dat Pro Fac Ext Cet Arc Hub Fac Upp Upp War Pro Res Qua Res Tes Frg Acc Com Maximum Alert Level 5 | . . . . 3 . . . . 2 4 3 1 3 4 . . . . 1 1 1 2 5 5 5 Low Security (%) 24 | 100 100 . . 14 . . . . 38 . . . 30 . . . . . 96 58 74 38 . . 54 Level 1 11 | . . . . 3 . . . . 34 7 . 100 17 18 . . . . 3 41 25 46 3 . . Level 2 17 | . . . . 35 . . . . 27 70 54 . 38 24 . . . . . . . 15 2 . . Level 3 15 | . . . . 47 . . . . . 15 45 . 13 . . . . . . . . . 18 . . Level 4 9 | . . . . . . . . . . 6 . . . 55 . . . . . . . . 16 . 24 Level 5 21 | . . . . . . . . . . . . . . . . . . . . . . . 58 100 20 High Security . | . . . . . . . . . . . . . . . . . . . . . . . . . . Max Security . | . . . . . . . . . . . . . . . . . . . . . . . . . . Peak Influence 3129 | 15 5 . . 969 . . . . 626 1120 790 280 772 1343 . . . . 238 309 323 448 3129 1989 1961 Initial 1876 | . . . . . . . . . . 300 611 280 73 360 . . . . . . 154 171 236 1876 1266 Average 942 | 3 . . . 638 . . . . 279 612 685 252 385 920 . . . . 31 122 181 238 1855 1917 1216 Influence Increases 14555 | 30 5 . . 1516 . . . . 1122 1306 359 . 1010 1253 . 95 570 . 571 661 352 735 3873 133 964 Destroy 0b10 Robot/C 6020 | . . . . 720 . . . . 400 640 140 . 200 300 . 40 460 . 180 300 . 140 2020 . 480 Destroy 0b10 Robot/NC 510 | 30 5 . . 70 . . . . 75 40 10 . 70 45 . . 20 . 25 . 10 25 55 . 30 Destroy Leader 874 | . . . . 180 . . . . 124 44 . . 78 52 . 10 . . 56 30 4 12 220 . 64 Allied During Kill 990 | . . . . 84 . . . . . 452 150 . 304 . . . . . . . . . . . . Successful Hack 643 | . . . . 8 . . . . 22 . . . 8 19 . . . . 193 86 113 102 88 . 4 Select Force Hacks 50 | . . . . . . . . . . . . . 50 . . . . . . . . . . . . Disable Machine 1680 | . . . . 240 . . . . 150 30 15 . 60 345 . . . . 45 135 15 135 450 . 60 Anti-Garrison Action 150 | . . . . . . . . . . . . . . . . . . . . . . . 150 . . Destroy Structure 1538 | . . . . 94 . . . . 216 40 44 . 120 102 . . . . 72 110 30 126 425 33 126 Partial Spotted 255 | . . . . 15 . . . . 15 45 . . 120 15 . . . . . . . 30 15 . . Lose Combat Pursuer 1545 | . . . . 105 . . . . 120 15 . . . 375 . 45 90 . . . 180 165 450 . . Active Sensor Use 300 | . . . . . . . . . . . . . . . . . . . . . . . . 100 200 Influence Decreases 12717 | 30 5 . . 589 534 216 177 . 508 828 751 490 483 651 676 353 713 262 571 386 321 621 1164 1283 1105 Entered New Map 6022 | . . . . . 344 76 177 . . 314 481 420 137 377 496 127 405 262 . . 121 135 184 1253 713 Time Decay 5283 | 30 5 . . 539 190 140 . . 386 474 230 30 206 214 180 206 288 . 321 326 170 326 770 30 222 Lost Part 682 | . . . . 30 . . . . 122 . . . . 20 . 20 20 . 10 40 30 10 210 . 170 Lost Ally 350 | . . . . 20 . . . . . 40 40 40 140 40 . . . . 10 20 . . . . . Purge Threat 380 | . . . . . . . . . . . . . . . . . . . 230 . . 150 . . . Squads Dispatched 105 | . 2 . . 13 . . . . 12 3 . . 10 19 . . . . 8 3 4 6 15 3 7 Investigation 35 | . 1 . . 2 . . . . 3 1 . . 4 7 . . . . 4 . 3 1 4 2 3 Extermination 20 | . . . . 4 . . . . 2 . . . 1 1 . . . . 1 3 1 3 2 . 2 Reinforcement 29 | . 1 . . 7 . . . . 4 . . . 2 4 . . . . 3 . . 1 6 1 . Assault 9 | . . . . . . . . . . 2 . . . 1 . . . . . . . 1 3 . 2 Garrison 12 | . . . . . . . . . 3 . . . 3 6 . . . . . . . . . . . Intercept . | . . . . . . . . . . . . . . . . . . . . . . . . . . Searches Triggered . | . . . . . . . . . . . . . . . . . . . . . . . . . . Unchained Authorized 1 | . . . . . . . . . . . . . . . . . . . . . . 1 . . . Data Miner Redirects 11 | . . . . . . . . . . . . . . 5 . . . . . . 1 . 1 1 3 Construction Impeded 6 | . . . . 2 . . . . 2 . . . 1 . . . . . 1 . . . . . . Haulers Reinforced 6 | . . . . 3 . . . . 1 . . . 1 . . . . . 1 . . . . . . Active Scanning Responses 3 | . . . . . . . . . . . . . . . . . . . . . . . . 1 2 Cargo Convoy Interrupts . | . . . . . . . . . . . . . . . . . . . . . . . . . . Stealth | -11 -10 -10 -8 -6 -6 -6 -6 -5 -5 -5 -5 -5 -5 -4 -4 -4 -4 -3 -3 -3 -2 -2 -2 -1 -1 --------- Run | Yrd Mat Sub Scr Fac Low Low Dat Pro Fac Ext Cet Arc Hub Fac Upp Upp War Pro Res Qua Res Tes Frg Acc Com Distress Signals 43 | . 1 . . 2 . . . . 3 . 1 1 3 2 . . 1 . 9 1 . 1 13 . 5 Communications Jammed . | . . . . . . . . . . . . . . . . . . . . . . . . . . Distress Signals . | . . . . . . . . . . . . . . . . . . . . . . . . . . Times Spotted 643 | . 2 . . 44 2 . . . 43 40 9 . 22 44 . 5 65 . 18 24 24 18 223 . 60 Peak Tracking Total 17 | . 3 . . 5 . . . . 7 14 5 . 17 16 . 4 12 . 3 7 11 10 16 . 7 Tactical Retreats 48 | . . . . 5 . . . . 4 1 . . . 9 . 4 5 . . . 4 4 12 . . ECM-based Alert Blocks 5 | . . . . . . . . . . . . . . . . . . . . . 5 . . . . Traps | -11 -10 -10 -8 -6 -6 -6 -6 -5 -5 -5 -5 -5 -5 -4 -4 -4 -4 -3 -3 -3 -2 -2 -2 -1 -1 ------- Run | Yrd Mat Sub Scr Fac Low Low Dat Pro Fac Ext Cet Arc Hub Fac Upp Upp War Pro Res Qua Res Tes Frg Acc Com Traps Triggered 44 | . . . . 6 . . . . 4 2 . . 1 4 . . . . 1 . 2 2 21 . 1 Indirectly 9 | . . . . . . . . . . . . . . 4 . . . . . . . . 5 . . Trap Hack Attempts . | . . . . . . . . . . . . . . . . . . . . . . . . . . Triggered . | . . . . . . . . . . . . . . . . . . . . . . . . . . Disarmed . | . . . . . . . . . . . . . . . . . . . . . . . . . . Reprogrammed . | . . . . . . . . . . . . . . . . . . . . . . . . . . Reused . | . . . . . . . . . . . . . . . . . . . . . . . . . . Traps Extracted . | . . . . . . . . . . . . . . . . . . . . . . . . . . Installed . | . . . . . . . . . . . . . . . . . . . . . . . . . . Triggered . | . . . . . . . . . . . . . . . . . . . . . . . . . . Machines | -11 -10 -10 -8 -6 -6 -6 -6 -5 -5 -5 -5 -5 -5 -4 -4 -4 -4 -3 -3 -3 -2 -2 -2 -1 -1 ---------- Run | Yrd Mat Sub Scr Fac Low Low Dat Pro Fac Ext Cet Arc Hub Fac Upp Upp War Pro Res Qua Res Tes Frg Acc Com Machines Disabled 128 | . . . . 16 . . . . 10 2 1 . 4 23 . . 2 . 3 9 1 9 44 . 4 Max in Single Turn 15 | . . . . 4 . . . . 5 1 1 . . 15 . . 1 . 1 2 1 1 3 . 1 Garrison Access 5 | . . . . . . . . . 1 . . . 1 . . . . . 1 . . 1 1 . . Network Hub 2 | . . . . . . . . . . . . . 2 . . . . . . . . . . . . Machines Repaired . | . . . . . . . . . . . . . . . . . . . . . . . . . . Machines Dismantled . | . . . . . . . . . . . . . . . . . . . . . . . . . . Machines Sabotaged 1 | . . . . . . . . . . . . . 1 . . . . . . . . . . . . Overloaded Fab Kills . | . . . . . . . . . . . . . . . . . . . . . . . . . . Hacking | -11 -10 -10 -8 -6 -6 -6 -6 -5 -5 -5 -5 -5 -5 -4 -4 -4 -4 -3 -3 -3 -2 -2 -2 -1 -1 --------- Run | Yrd Mat Sub Scr Fac Low Low Dat Pro Fac Ext Cet Arc Hub Fac Upp Upp War Pro Res Qua Res Tes Frg Acc Com Machines Accessed 119 | . . . 4 19 . . 3 1 10 2 1 1 8 8 1 . 1 . 19 7 9 9 12 2 2 Terminals 56 | . . . . 8 . . . 1 4 1 1 . 6 1 . . . . 10 5 5 4 6 2 2 Fabricators 13 | . . . . 3 . . . . 2 . . . . 1 . . . . 1 . 1 1 4 . . Repair Stations 5 | . . . . . . . . . 1 . . . . . . . . . 2 1 . 1 . . . Recycling Units 18 | . . . . 4 . . . . 1 1 . . . 5 . . . . 3 . 2 . 2 . . Scanalyzers 8 | . . . . 1 . . . . 1 . . . . . . . . . 2 1 1 2 . . . Garrison Access 9 | . . . . 3 . . . . 1 . . . 2 1 . . . . 1 . . 1 . . . Total Hacks 417 | . . . 20 29 . . 26 1 25 2 4 25 20 23 1 . 1 . 74 28 44 38 41 10 5 Successful 215 | . . . 20 5 . . 26 1 11 1 . 25 7 12 1 . 1 . 36 13 17 20 17 . 2 Failed 198 | . . . . 23 . . . . 13 1 4 . 13 11 . . . . 37 15 26 18 24 10 3 Catastrophic 52 | . . . . 11 . . . . 3 1 2 . 1 1 . . . . 7 6 6 5 5 3 1 Database Lockouts 4 | . . . . 1 . . . . 1 . . . . . . . . . 1 . 1 . . . . Manual 126 | . . . . 3 . . . . 12 2 1 . 15 19 . . 1 . 20 7 9 10 21 5 1 Terminals 196 | . . . . 11 . . . 1 9 1 4 . 15 3 . . . . 49 19 27 18 24 10 5 Fabricators 36 | . . . . 6 . . . . 7 . . . . 2 . . . . 2 . 4 3 12 . . Repair Stations 20 | . . . . . . . . . 1 . . . . . . . . . 4 7 . 8 . . . Recycling Units 35 | . . . . 6 . . . . 3 1 . . . 12 . . . . 6 . 2 . 5 . . Scanalyzers 39 | . . . . 3 . . . . 3 . . . . . . . . . 12 2 11 8 . . . Garrison Access 18 | . . . . 3 . . . . 2 . . . 5 6 . . . . 1 . . 1 . . . Terminal Hacks 118 | . . . 20 1 . . 26 1 2 . . 25 1 1 1 . 1 . 14 3 5 6 9 . 2 Record 50 | . . . 12 . . . 6 1 . . . 25 . . . . . . . . . . 6 . . Part Schematic 11 | . . . . . . . 10 . . . . . . . . . . . 1 . . . . . . Robot Schematic 7 | . . . . . . . 7 . . . . . . . . . . . . . . . . . . Robot Analysis 7 | . . . 7 . . . . . . . . . . . . . . . . . . . . . . Prototype ID Bank 4 | . . . . . . . 3 . . . . . . . . . . . . . 1 . . . . Open Door 3 | . . . . . . . . . . . . . . . 1 . 1 . . . . . . . 1 Level Access Points 3 | . . . . . . . . . . . . . 1 . . . . . . 1 . 1 . . . Branch Access Points 4 | . . . . 1 . . . . . . . . . 1 . . . . 1 . 1 . . . . Terminal Index 5 | . . . . . . . . . 1 . . . . . . . . . 2 . 1 . 1 . . Fabricator Index 2 | . . . . . . . . . . . . . . . . . . . 1 1 . . . . . Recycling Unit Index 1 | . . . . . . . . . . . . . . . . . . . 1 . . . . . . Garrison Index 1 | . . . . . . . . . . . . . . . . . . . . . 1 . . . . Alert Level 3 | . . . . . . . . . 1 . . . . . . . . . . . . . 1 . 1 Unreport Threat 5 | . . . . . . . . . . . . . . . . . . . 4 . . 1 . . . Locate Traps 2 | . . . . . . . . . . . . . . . . . . . 1 1 . . . . . Maintenance Status 1 | . . . . . . . . . . . . . . . . . . . . . . 1 . . . Patrol Status 1 | . . . . . . . . . . . . . . . . . . . 1 . . . . . . Hauler Manifests 2 | . . . . . . . . . . . . . . . . . . . 1 . . 1 . . . Registered Prototypes 1 | . . . . . . . . . . . . . . . . . . . . . . 1 . . . Zone Layout 2 | . . . . . . . . . . . . . . . . . . . 1 . 1 . . . . Proto ID Catalog 2 | . . . 1 . . . . . . . . . . . . . . . . . . . 1 . . Protovariant Controls 1 | . . . . . . . . . . . . . . . . . . . . . . 1 . . . Fabricator Hacks 11 | . . . . 1 . . . . 3 . . . . 1 . . . . 2 . 1 1 2 . . Network Status 4 | . . . . 1 . . . . . . . . . 1 . . . . . . 1 1 . . . Load Schematic 4 | . . . . . . . . . 2 . . . . . . . . . 1 . . . 1 . . Build 3 | . . . . . . . . . 1 . . . . . . . . . 1 . . . 1 . . Repair Station Hacks 8 | . . . . . . . . . 1 . . . . . . . . . 2 3 . 2 . . . Scan Component 5 | . . . . . . . . . . . . . . . . . . . 1 2 . 2 . . . Repair 2 | . . . . . . . . . . . . . . . . . . . 1 1 . . . . . Refit 1 | . . . . . . . . . 1 . . . . . . . . . . . . . . . . Recycling Unit Hacks 7 | . . . . 2 . . . . 1 . . . . 3 . . . . . . 1 . . . . Retrieve Components 7 | . . . . 2 . . . . 1 . . . . 3 . . . . . . 1 . . . . Scanalyzer 25 | . . . . 1 . . . . 1 . . . . . . . . . 7 2 7 7 . . . Insert Component 7 | . . . . . . . . . . . . . . . . . . . 3 2 1 1 . . . Analyze 3 | . . . . . . . . . . . . . . . . . . . 3 . . . . . . Retrieve Study 15 | . . . . 1 . . . . 1 . . . . . . . . . 1 . 6 6 . . . Garrison Access Hacks 4 | . . . . . . . . . 1 . . . 1 . . . . . 1 . . 1 . . . Seal Access 4 | . . . . . . . . . 1 . . . 1 . . . . . 1 . . 1 . . . Unauthorized Hacks 42 | . . . . . . . . . 2 1 . . 5 7 . . . . 10 5 3 3 6 . . Terminals 23 | . . . . . . . . . . . . . 5 . . . . . 6 5 1 2 4 . . Track 7 | . . . . . . . . . . . . . 1 . . . . . 1 2 1 1 1 . . Assimilate 4 | . . . . . . . . . . . . . . . . . . . 1 2 . 1 . . . Botnet 6 | . . . . . . . . . . . . . . . . . . . 3 1 . . 2 . . Operators 2 | . . . . . . . . . . . . . . . . . . . 1 . . . 1 . . Sabotage 4 | . . . . . . . . . . . . . 4 . . . . . . . . . . . . Fabricators 4 | . . . . . . . . . 1 . . . . 1 . . . . . . 1 1 . . . Prioritize 1 | . . . . . . . . . . . . . . . . . . . . . 1 . . . . Haulers 2 | . . . . . . . . . . . . . . 1 . . . . . . . 1 . . . Recompile 1 | . . . . . . . . . 1 . . . . . . . . . . . . . . . . Repair Stations 1 | . . . . . . . . . . . . . . . . . . . 1 . . . . . . Mechanics 1 | . . . . . . . . . . . . . . . . . . . 1 . . . . . . Recycling Units 13 | . . . . . . . . . 1 1 . . . 5 . . . . 3 . 1 . 2 . . Fedlink 13 | . . . . . . . . . 1 1 . . . 5 . . . . 3 . 1 . 2 . . Scanalyzers . | . . . . . . . . . . . . . . . . . . . . . . . . . . Garrison Access 1 | . . . . . . . . . . . . . . 1 . . . . . . . . . . . Reprogram 1 | . . . . . . . . . . . . . . 1 . . . . . . . . . . . Data Cores Recovered 2 | . . . . 1 . . . . . . . . . . . . . . 1 . . . . . . Used 2 | . . . . 1 . . . . . . . . . . . . . . 1 . . . . . . Hacking Detections 78 | . . . . 18 . . . . 7 1 1 . 6 2 . . . . 14 6 6 6 8 2 1 Full Trace Events 8 | . . . . 2 . . . . . . . . . . . . . . 1 . 2 . 1 1 1 Feedback Events 2 | . . . . 1 . . . . . . . . . . . . . . . . 1 . . . . Corruption 2 | . . . . 1 . . . . . . . . . . . . . . . . 1 . . . . Feedback Blocked . | . . . . . . . . . . . . . . . . . . . . . . . . . . Robot Schematics Acquired 10 | . . . . . . . 7 . . . . . . . . . . . . . . . 3 . . Robots Built . | . . . . . . . . . . . . . . . . . . . . . . . . . . Authchips . | . . . . . . . . . . . . . . . . . . . . . . . . . . Time . | . . . . . . . . . . . . . . . . . . . . . . . . . . Total Robot Build Rating . | . . . . . . . . . . . . . . . . . . . . . . . . . . Part Schematics Acquired 25 | . . . . . . . 10 . . . . . . . . . . . 3 . . . 12 . . Parts Built 4 | . . . . . . . . . 1 . . . . . . . . . 2 . . . 1 . . Authchips 1 | . . . . . . . . . 1 . . . . . . . . . . . . . . . . Time 144 | . . . . . . . . . 56 . . . . . . . . . 46 . . . 42 . . Total Part Build Rating 32 | . . . . . . . . . 6 . . . . . . . . . 18 . . . 8 . . Part Studies Acquired 15 | . . . . 1 . . . . 1 . . . . . . . . . 1 . 6 6 . . . Parts Repaired 2 | . . . . . . . . . . . . . . . . . . . 1 1 . . . . . Time 136 | . . . . . . . . . . . . . . . . . . . 68 68 . . . . . Parts Recycled . | . . . . . . . . . . . . . . . . . . . . . . . . . . Recycled Matter . | . . . . . . . . . . . . . . . . . . . . . . . . . . Retrieved Matter . | . . . . . . . . . . . . . . . . . . . . . . . . . . Retrieved Components 24 | . . . . 6 . . . . 10 . . . . 5 . . . . . . 3 . . . . Parts Scanalyzed 2 | . . . . . . . . . . . . . . . . . . . 2 . . . . . . Part Schematics Acquired 2 | . . . . . . . . . . . . . . . . . . . 2 . . . . . . Parts Damaged 1 | . . . . . . . . . . . . . . . . . . . 1 . . . . . . Bothacking | -11 -10 -10 -8 -6 -6 -6 -6 -5 -5 -5 -5 -5 -5 -4 -4 -4 -4 -3 -3 -3 -2 -2 -2 -1 -1 ------------ Run | Yrd Mat Sub Scr Fac Low Low Dat Pro Fac Ext Cet Arc Hub Fac Upp Upp War Pro Res Qua Res Tes Frg Acc Com Used RIF Installer . | . . . . . . . . . . . . . . . . . . . . . . . . . . Robots Hacked . | . . . . . . . . . . . . . . . . . . . . . . . . . . Non-combat . | . . . . . . . . . . . . . . . . . . . . . . . . . . Combat . | . . . . . . . . . . . . . . . . . . . . . . . . . . Robot Hacks Applied . | . . . . . . . . . . . . . . . . . . . . . . . . . . Relay Couplers Released 3 | . . . . . . . . . . . . . . . . . . . . . . . 3 . . Machine Destruction 3 | . . . . . . . . . . . . . . . . . . . . . . . 3 . . Fabnet Peak Effective % . | . . . . . . . . . . . . . . . . . . . . . . . . . . Robots Rewired 22 | . . . . . . . . . . 22 . . . . . . . . . . . . . . . Allies Hacked . | . . . . . . . . . . . . . . . . . . . . . . . . . . Hacks Repelled . | . . . . . . . . . . . . . . . . . . . . . . . . . . Allies | -11 -10 -10 -8 -6 -6 -6 -6 -5 -5 -5 -5 -5 -5 -4 -4 -4 -4 -3 -3 -3 -2 -2 -2 -1 -1 -------- Run | Yrd Mat Sub Scr Fac Low Low Dat Pro Fac Ext Cet Arc Hub Fac Upp Upp War Pro Res Qua Res Tes Frg Acc Com Total Allies 39 | . . . 1 . . . . . . 27 5 . . 2 . . . . 1 2 . 1 . . . Largest Group 24 | . . . 1 1 . . . . . 24 18 14 9 2 . . . . 1 1 . 1 . . . Highest-Rated Group 966 | . . . 68 73 . . . . . 785 966 717 519 24 . . . . 45 45 . 45 . . . Highest-Rated Ally 159 | . . . 68 73 . . . . . 159 159 96 96 12 . . . . 45 45 . 45 . . . Total Orders 25 | . . . 2 . . . . . . 11 11 . . . . . . . . 1 . . . . . STAY 7 | . . . 1 . . . . . . . 5 . . . . . . . . 1 . . . . . ROAM 1 | . . . . . . . . . . . 1 . . . . . . . . . . . . . . FOLLOW 3 | . . . 1 . . . . . . 1 1 . . . . . . . . . . . . . . RETURN 14 | . . . . . . . . . . 10 4 . . . . . . . . . . . . . . Ally Attacks 420 | . . . . 45 . . . . . 225 58 . 83 9 . . . . . . . . . . . Total Damage 11170 | . . . . 1731 . . . . . 4800 1612 . 2960 67 . . . . . . . . . . . Kills 64 | . . . . 12 . . . . . 30 9 . 13 . . . . . . . . . . . . Allies Corrupted 2 | . . . . . . . . . . . . . 2 . . . . . . . . . . . . Allies Melted 9 | . . . . 1 . . . . . . . . . . . . 1 . . . . . 4 . 3 Intel | -11 -10 -10 -8 -6 -6 -6 -6 -5 -5 -5 -5 -5 -5 -4 -4 -4 -4 -3 -3 -3 -2 -2 -2 -1 -1 ------- Run | Yrd Mat Sub Scr Fac Low Low Dat Pro Fac Ext Cet Arc Hub Fac Upp Upp War Pro Res Qua Res Tes Frg Acc Com Active Infowar (turns) 15232 | 18 229 340 352 940 397 281 39 257 1030 1201 443 . 37 397 362 381 544 118 860 603 356 565 4367 78 1037 Optics 9308 | . . . . 556 397 281 39 257 1030 1201 443 . . . . . . . . . . . 3989 78 1037 Sensors 6995 | . . . . 822 397 280 39 257 625 . . . 37 397 362 381 544 118 834 603 356 565 378 . . A.S.S. 2959 | . . . . . . . . . . . . . . . . . . . . . . . 2620 78 261 Terrain 49 | . . . . 49 . . . . . . . . . . . . . . . . . . . . . Seismic 939 | 18 229 340 352 . . . . . . . . . . . . . . . . . . . . . . T.N.C. 1031 | . . . . . . . . . 353 678 . . . . . . . . . . . . . . . Jamming 183 | . . . . . . . . . . . . . . . . . . . 182 . . . 1 . . ECM 25 | . . . . . . . . . . . . . . . . . . . 2 . 23 . . . . Robot Analysis Total 7 | . . . 7 . . . . . . . . . . . . . . . . . . . . . . Derelict Logs Recovered 7 | . . . . . 1 1 . 2 . . . . . . 1 2 . . . . . . . . . Drone Launches 18 | . . . . . . . . . . 16 2 . . . . . . . . . . . . . . Drone Recoveries 18 | . . . . . . . . . . 14 4 . . . . . . . . . . . . . . Exploration | -11 -10 -10 -8 -6 -6 -6 -6 -5 -5 -5 -5 -5 -5 -4 -4 -4 -4 -3 -3 -3 -2 -2 -2 -1 -1 ------------- Run | Yrd Mat Sub Scr Fac Low Low Dat Pro Fac Ext Cet Arc Hub Fac Upp Upp War Pro Res Qua Res Tes Frg Acc Com Turns Passed 22977 | 124 229 340 5003 1782 397 281 39 257 1030 1201 498 72 436 451 369 426 1303 118 882 766 356 728 4763 78 1048 Spaces Moved 24362 | 56 132 165 2526 1859 857 634 87 539 1369 732 249 54 584 695 525 683 1593 283 1445 921 449 1138 5876 201 710 Core 2 | 2 . . . . . . . . . . . . . . . . . . . . . . . . . Treads 595 | 54 132 165 94 . . . . . . . . . . . . . . . . . . . . . 150 Legs 3783 | . . . 2432 495 . . . . . . . . . . . . . . . . . . 856 . . Wheels . | . . . . . . . . . . . . . . . . . . . . . . . . . . Hover 19982 | . . . . 1364 857 634 87 539 1369 732 249 54 584 695 525 683 1593 283 1445 921 449 1138 5020 201 560 Flight . | . . . . . . . . . . . . . . . . . . . . . . . . . . Fastest Speed 27 | 50 160 160 125 35 38 38 38 38 36 55 55 55 48 44 48 48 40 41 38 30 36 33 27 33 32 Average Speed 65 | 156 160 160 178 69 38 38 38 38 47 73 91 55 49 46 48 48 44 41 46 44 64 39 50 33 68 Slowest Speed 295 | 160 160 160 195 188 38 38 38 38 91 107 115 55 110 53 48 48 100 41 104 112 114 113 260 33 295 Overloaded Moves 79 | . . . . . . . . . . . . . . . . . . . . 25 . . 54 . . Propulsion Burnouts . | . . . . . . . . . . . . . . . . . . . . . . . . . . Robots Hopped . | . . . . . . . . . . . . . . . . . . . . . . . . . . Potential Cave-ins 43 | . . . . . . . . . . . . . . . 3 . . . . 2 5 . 32 . 1 Cave-ins Triggered 1 | . . . . . . . . . . . . . . . . . . . . . . . . . 1 Teleports 3 | . . . . . . . . . . . . . . . . . . . . . . . 1 2 . Exploration Rate (%) 58 | 4 38 19 87 60 93 86 73 70 43 87 73 66 56 23 67 79 89 53 42 91 17 89 70 7 33 Regions Visited 25 Branch Regions 18 Pre-discovered Areas 3 | . . . 1 . . . 1 . . 1 . . . . . . . . . . . . . . . Known Exits Taken 22 | . . . 1 1 1 1 1 1 1 1 1 1 1 1 1 1 1 1 1 1 1 1 1 1 . Unknown Exits Taken 3 | 1 1 1 . . . . . . . . . . . . . . . . . . . . . . . Scrap Searched 31 | . . . 8 . 4 5 . 4 . . . . . . 4 4 . 2 . . . . . . . Spaces Dug 299 | . . . . 15 5 4 . 9 17 6 . . 4 8 8 5 32 . 8 19 12 25 108 11 3 Terrain Destroyed 1098 | . . . . 83 21 7 . 20 109 16 20 . 28 66 22 23 182 . 44 71 15 47 222 11 91 Melee 9 | . . . . . . . . . . . . . . . . . . . . 9 . . . . . Projectile 548 | . . . . 23 21 7 . 20 62 11 20 . 28 20 22 23 54 . 19 24 15 42 73 1 63 AOE 530 | . . . . 60 . . . . 47 . . . . 46 . . 128 . 25 38 . . 148 10 28 Terrain Rammed . | . . . . . . . . . . . . . . . . . . . . . . . . . . Walls Destroyed . | . . . . . . . . . . . . . . . . . . . . . . . . . . Machines Disabled . | . . . . . . . . . . . . . . . . . . . . . . . . . . Actions | -11 -10 -10 -8 -6 -6 -6 -6 -5 -5 -5 -5 -5 -5 -4 -4 -4 -4 -3 -3 -3 -2 -2 -2 -1 -1 --------- Run | Yrd Mat Sub Scr Fac Low Low Dat Pro Fac Ext Cet Arc Hub Fac Upp Upp War Pro Res Qua Res Tes Frg Acc Com Total 29539 | 75 148 241 3035 2212 905 664 92 571 1590 1300 470 95 669 767 616 754 2101 283 1613 1181 506 1329 7079 209 1034 Wait 2297 | 1 13 77 397 99 29 17 . 11 62 244 147 42 34 12 61 33 387 . 25 133 13 40 365 . 55 Move 24336 | 55 131 164 2525 1858 856 633 86 538 1368 731 248 53 583 694 524 682 1592 282 1444 920 449 1137 5874 200 709 Hop . | . . . . . . . . . . . . . . . . . . . . . . . . . . Pick Up 314 | 5 1 . 53 22 . 1 . 1 12 8 12 . 2 5 2 5 10 . 33 14 10 11 88 2 17 Fast Attach 205 | 7 . . 5 28 . 1 3 . 12 3 7 . 3 1 . 5 22 . 6 6 2 18 55 . 21 Attach 150 | . . . . 11 . . . . 14 2 . . . 4 . . . . 11 7 11 3 46 4 37 Detach 120 | . . . 1 6 . . . . 8 2 2 . . 2 . 1 5 . 11 2 3 6 40 1 30 Swap 330 | . . . 4 49 . 3 . . 24 11 15 . 11 15 6 4 6 1 26 18 5 15 103 1 13 Drop 381 | . . . 50 46 . 2 3 1 13 8 16 . 5 2 1 7 27 . 24 18 5 27 111 . 15 Fire 1077 | 7 . . . 80 20 7 . 20 77 49 23 . 30 32 22 17 52 . 33 31 8 71 360 1 137 Melee 32 | . . . . . . . . . . . . . . . . . . . . 32 . . . . . Ram 3 | . . . . . . . . . . . . . 1 . . . . . . . . 1 1 . . Kick 1 | . . . . . . . . . . . . . . . . . . . . . . . 1 . . Crush 3 | . 3 . . . . . . . . . . . . . . . . . . . . . . . . Escape Stasis 74 | . . . . 13 . . . . . 26 . . . . . . . . . . . . 35 . . Rewire 216 | . . . . . . . . . . 216 . . . . . . . . . . . . . . . Trap . | . . . . . . . . . . . . . . . . . . . . . . . . . . Miscellaneous . | . . . . . . . . . . . . . . . . . . . . . . . . . . Route ------- -11/Scrapyard -10/Materials (discovered 2 exits: [*Min] / [*Sub]) -10/Subcaves (discovered 2 exits: [*Mat] / *Scr) -8/Scraptown (discovered 2 exits: *Fac x2) -6/Factory (discovered 4 exits: *Fac x2 / *Low x2) -6/Lower Caves -6/Lower Caves (discovered 2 exits: *Fac / *Dat) -6/Data Miner -5/Proximity Caves -5/Factory (discovered 3 exits: Fac / *Upp / *Ext) -5/Extension (discovered 2 exits: *Fac / *Cet) -5/Cetus (discovered 2 exits: *Fac / *Arc) -5/Archives (discovered 2 exits: *Hub x2) -5/Hub_04(d) (discovered 4 exits: *Fac x4) -4/Factory (discovered 3 exits: *Upp x2 / Arm) -4/Upper Caves -4/Upper Caves -4/Warlord -3/Proximity Caves -3/Research (discovered 2 exits: *Qua x2) -3/Quarantine -2/Research (discovered 3 exits: *Acc / *Tes x2) -2/Testing (discovered 3 exits: Acc / [*Sec] / *Frg) -2/Protoforge -1/Access -1/Command (discovered 2 exits: *Sur x2) To Epsilon Eridani History --------- Turn | Location | Event 6 | -11/Scrapyard | Discovered new exit (range 15) 125 | -11/Scrapyard | Entered Materials 126 | -10/Materials | Met a group of wandering Federalists 285 | -10/Materials | Discovered new exit (range 13) 318 | -10/Materials | Build established: Mutant 318 | -10/Materials | Discovered new exit (range 8) 354 | -10/Materials | Entered Subcaves 354 | -10/Subcaves | Discovered new exit (range 4) 355 | -10/Subcaves | Continued accompanying wandering Federalists (6) 355 | -10/Subcaves | Approached by a straggling Scientist 591 | -10/Subcaves | Wandering Federalist uncovered a shortcut to Scraptown 694 | -10/Subcaves | Entered Scraptown 1127 | -8/Scraptown | Discovered new exit (range 13) 1213 | -8/Scraptown | Visited Awakened 1235 | -8/Scraptown | Visited The Evicted 1267 | -8/Scraptown | Visited Spacefarers 1311 | -8/Scraptown | Visited Shadow of the Wyrm 1332 | -8/Scraptown | Visited Assassins FH 1383 | -8/Scraptown | Learned location of Extension (-5) 1413 | -8/Scraptown | Visited Bundlers 2034 | -8/Scraptown | Visited UFD Registry 2034 | -8/Scraptown | Registered with UFD as "Waveunit" 2210 | -8/Scraptown | Visited Junk Repository 2303 | -8/Scraptown | Visited Science Guys 2493 | -8/Scraptown | Visited Curators Association 2553 | -8/Scraptown | Visited Scrapoid Pod Storage 2586 | -8/Scraptown | Visited Abandonware Association 2606 | -8/Scraptown | Learned abandonware demo "HACKBUD.EXE" 2606 | -8/Scraptown | Learned abandonware demo "POISON.EXE" 2639 | -8/Scraptown | Visited Junk Cannon Lab 2684 | -8/Scraptown | Visited Analyses Database 2735 | -8/Scraptown | Visited Science Testing Area 2772 | -8/Scraptown | Visited Botcube Research 4258 | -8/Scraptown | Found Scrap Suit 4383 | -8/Scraptown | Found Lrg. Botcube 4773 | -8/Scraptown | Lrg. Botcube activated 4801 | -8/Scraptown | Lrg. Botcube completed mutation into treaded form, armed with 4 guns. 5590 | -8/Scraptown | Met Optimus 5590 | -8/Scraptown | Accepted into 0bPrime 5692 | -8/Scraptown | Discovered new exit (range 3) 5694 | -8/Scraptown | Identified exit to Factory 5697 | -8/Scraptown | Entered Factory 5697 | -6/Factory | Accompanied by 1 ally 5697 | -6/Factory | Evolved 8 slots: Propulsion x4, Utility x3, Weapon x1 5961 | -6/Factory | Central database locked down 6036 | -6/Factory | Destroyed 7 combat bots 6199 | -6/Factory | Build established: Scavenger-Tank 6359 | -6/Factory | Spotted B-75 Beast 6409 | -6/Factory | Destroyed B-75 Beast 6880 | -6/Factory | Build established: Mutant 7179 | -6/Factory | Identified exit to Lower Caves 7217 | -6/Factory | Build established: Scout 7294 | -6/Factory | Discovered new exit (range 12) 7303 | -6/Factory | Identified exit to Factory 7434 | -6/Factory | Discovered exit to Factory (range 10) 7479 | -6/Factory | Entered Lower Caves 7626 | -6/Lower Caves | Learned Factory emergency access door positions 7650 | -6/Lower Caves | Encountered a Warlord checkpoint 7777 | -6/Lower Caves | Discovered new exit (range 8) 7780 | -6/Lower Caves | Identified exit to Lower Caves 7876 | -6/Lower Caves | Entered another Lower Caves area 7899 | -6/Lower Caves | Discovered exit to Factory (range 16) 7903 | -6/Lower Caves | Encountered a Warlord checkpoint 8049 | -6/Lower Caves | Found DCF Scrap (12 items) 8053 | -6/Lower Caves | Learned 4 Factory zone layouts 8096 | -6/Lower Caves | Discovered new exit (range 10) 8100 | -6/Lower Caves | Identified exit to Data Miner 8157 | -6/Lower Caves | Entered Data Miner 8157 | -6/Data Miner | Discovered new exit (range 6) 8160 | -6/Data Miner | Identified exit to Proximity Caves 8165 | -6/Data Miner | Met Data Miner 8176 | -6/Data Miner | Learned location of Section 7 (-2) 8176 | -6/Data Miner | Acquired the access code to Warlord's prototype stash 8180 | -6/Data Miner | Received God Mode back door access code from Data Miner 8196 | -6/Data Miner | Entered Proximity Caves 8244 | -5/Proximity Caves | Learned Factory emergency access door positions 8425 | -5/Proximity Caves | Discovered exit to Factory (range 17) 8428 | -5/Proximity Caves | Learned location of 1 exit from Upper Caves 8453 | -5/Proximity Caves | Entered Factory 8453 | -5/Factory | Evolved 2 slots: Power x1, Utility x1 8454 | -5/Factory | Identified exit to Factory 8480 | -5/Factory | Allied Derelicts emerged from ambush trap array 8485 | -5/Factory | Central database locked down 8585 | -5/Factory | Spotted B-75 Beast 8596 | -5/Factory | System corruption reached 10% 8667 | -5/Factory | Garrison activated, responded to threat 8718 | -5/Factory | Lost 4 parts (3n1w) 8872 | -5/Factory | Lost 4 parts (3n1u) 8899 | -5/Factory | Found Powered Armor 9057 | -5/Factory | Discovered new exit (range 7) 9060 | -5/Factory | Identified exit to Upper Caves 9107 | -5/Factory | Loaded intel: 7 recycling unit locations 9385 | -5/Factory | Fabricated Combat Drone Bay? 9429 | -5/Factory | Lost 3 parts (1p1u1w) 9460 | -5/Factory | Discovered new exit (range 19) 9482 | -5/Factory | Identified exit to Extension 9483 | -5/Factory | Entered Extension 9683 | -5/Extension | Spotted B-75 Beast 9709 | -5/Extension | Rescued a captive Derelict 9711 | -5/Extension | Rescued a captive Derelict 9832 | -5/Extension | Rescued a captive Derelict 9834 | -5/Extension | Rescued a captive Derelict 10089 | -5/Extension | Build established: Commander-Skirmisher 10207 | -5/Extension | Allies destroyed B-75 Beast 10217 | -5/Extension | Spotted B-75 Beast 10227 | -5/Extension | Destroyed B-75 Beast 10301 | -5/Extension | Rescued A7 10491 | -5/Extension | Loaded intel: 1 recycling unit location 10491 | -5/Extension | Learned location of Protoforge (-2) 10613 | -5/Extension | Discovered exit to Factory (range 11) 10615 | -5/Extension | Discovered new exit (range 7) 10661 | -5/Extension | Identified exit to Cetus 10683 | -5/Extension | First assault squad dispatched 10684 | -5/Extension | Entered Cetus 10684 | -5/Cetus | Accompanied by 20 allies (A7) 10689 | -5/Cetus | Acquired a Cetus Manufacturing Module code from A7 10702 | -5/Cetus | Spotted Cetus Guard 10709 | -5/Cetus | Destroyed Cetus Guard 10713 | -5/Cetus | Spotted Cetus Guard 10713 | -5/Cetus | Spotted Cetus Guard 10717 | -5/Cetus | Allies destroyed Cetus Guard 10725 | -5/Cetus | Allies destroyed Cetus Guard 10755 | -5/Cetus | Lost 4 allies 10782 | -5/Cetus | Started Cetus Manufacturing Module 10803 | -5/Cetus | Escorted A7 to Cetus Mainframe 10807 | -5/Cetus | Manufactured an Enhanced Grunt 10832 | -5/Cetus | Manufactured an Enhanced Grunt 10857 | -5/Cetus | Manufactured an Enhanced Grunt 10882 | -5/Cetus | Manufactured an Enhanced Grunt 10907 | -5/Cetus | Manufactured an Enhanced Grunt 10921 | -5/Cetus | Discovered new exit (range 19) 10925 | -5/Cetus | Build established: Commander-Tank 10941 | -5/Cetus | Spotted Cetus Guard 10941 | -5/Cetus | Spotted Cetus Guard 10945 | -5/Cetus | Spotted Cetus Guard 10945 | -5/Cetus | Spotted Cetus Guard 10953 | -5/Cetus | Allies destroyed Cetus Guard 10955 | -5/Cetus | Allies destroyed Cetus Guard 10956 | -5/Cetus | Allies destroyed Cetus Guard 10956 | -5/Cetus | Discovered exit to Factory (range 25) 10957 | -5/Cetus | Allies destroyed Cetus Guard 10973 | -5/Cetus | Met Revision 17 11041 | -5/Cetus | Attached CPS modules to A7. 11080 | -5/Cetus | Murdered A7 11111 | -5/Cetus | Lost 3 allies 11122 | -5/Cetus | Found Prototype Protection 11129 | -5/Cetus | Identified Med. Regenerative Plating 11139 | -5/Cetus | Identified exit to Archives 11182 | -5/Cetus | Entered Archives 11182 | -5/Archives | Accompanied by 14 allies 11189 | -5/Archives | Met Zhirov 11193 | -5/Archives | Unable to access archive contents 11194 | -5/Archives | Discovered new exit (range 15) 11195 | -5/Archives | Reinforcements dispatched to Archives 11199 | -5/Archives | Read partially decrypted archive contents 11200 | -5/Archives | Discovered new exit (range 16) 11208 | -5/Archives | Identified exit to Hub_04(d) 11240 | -5/Archives | Reinforcements dispatched to Archives 11254 | -5/Archives | Entered Hub_04(d) 11254 | -5/Hub_04(d) | Accompanied by 9 allies 11271 | -5/Hub_04(d) | Discovered exit to Factory (range 16) 11416 | -5/Hub_04(d) | Lost 4 allies 11461 | -5/Hub_04(d) | Garrison activated, responded to threat 11629 | -5/Hub_04(d) | Network Hub disabled 11636 | -5/Hub_04(d) | Network Hub disabled 11652 | -5/Hub_04(d) | Spotted B-75 Beast 11664 | -5/Hub_04(d) | Spotted Lightning 11664 | -5/Hub_04(d) | Spotted Lightning 11671 | -5/Hub_04(d) | Spotted Lightning 11671 | -5/Hub_04(d) | Spotted Lightning 11686 | -5/Hub_04(d) | Spotted Lightning 11690 | -5/Hub_04(d) | Entered Factory 11690 | -4/Factory | Evolved 2 slots: Propulsion x2 11700 | -4/Factory | Loaded intel: 8 recycling unit locations 11727 | -4/Factory | Incoming investigation squad redirected 11741 | -4/Factory | Incoming investigation squad redirected 11762 | -4/Factory | Incoming investigation squad redirected 11781 | -4/Factory | Garrison activated, responded to threat 11886 | -4/Factory | Garrison activated, responded to threat 11905 | -4/Factory | Incoming investigation squad redirected 11911 | -4/Factory | Destroyed 11 combat bots 11940 | -4/Factory | First assault squad dispatched 11960 | -4/Factory | Incoming assault squad redirected 12077 | -4/Factory | Identified exit to Upper Caves 12077 | -4/Factory | Identified exit to Armory 12101 | -4/Factory | Build established: Scavenger-Skirmisher 12141 | -4/Factory | Entered Upper Caves 12142 | -4/Upper Caves | Identified exit to Upper Caves 12505 | -4/Upper Caves | Learned Research garrison access intel 12510 | -4/Upper Caves | Entered another Upper Caves area 12601 | -4/Upper Caves | Learned Research security intel 12654 | -4/Upper Caves | Learned Research stockpile data 12806 | -4/Upper Caves | Build established: Scavenger-Gunner 12839 | -4/Upper Caves | Ambushed by wild Derelicts 12903 | -4/Upper Caves | Discovered new exit (range 10) 12907 | -4/Upper Caves | Identified exit to Warlord 12936 | -4/Upper Caves | Entered Warlord 12953 | -4/Warlord | System corruption cleaned by Quarantine Array 13027 | -4/Warlord | Received a Watcher feed algorithm from an ecstatic Tinkerer 13187 | -4/Warlord | Opened Warlord's prototype stash 13189 | -4/Warlord | Found Prototype Device 13189 | -4/Warlord | Identified Exp. Focal Shield 13202 | -4/Warlord | Found Prototype Processor 13202 | -4/Warlord | Identified Exp. Armor Integrity Analyzer 13210 | -4/Warlord | Found Prototype Hackware 13215 | -4/Warlord | Found Prototype Reactor 13215 | -4/Warlord | Identified Vortex Chain Reactor 13230 | -4/Warlord | Visited the Vortex Lab 13230 | -4/Warlord | Warlord's base attacked by MAIN.C 13233 | -4/Warlord | Found Prototype Energy Gun 13233 | -4/Warlord | Identified Vortex Rail 13258 | -4/Warlord | Rebuked by Warlord 13314 | -4/Warlord | Found Vortex Rail 13386 | -4/Warlord | Found Prototype Special Weapon 13386 | -4/Warlord | Identified RU-N14's Throwing Claymores v3 13402 | -4/Warlord | Found RU-N14's Throwing Claymores v3 13404 | -4/Warlord | Found RU-N14's Throwing Claymores v3 13419 | -4/Warlord | Found RU-N14's Throwing Claymores v3 13421 | -4/Warlord | Found RU-N14's Throwing Claymores v3 13422 | -4/Warlord | Found RU-N14's Throwing Claymores v3 13449 | -4/Warlord | Warlord forces counterattacked 13485 | -4/Warlord | Destroyed 17 combat bots 13487 | -4/Warlord | Spotted B-90 Cyclops 13488 | -4/Warlord | Destroyed B-90 Cyclops 13513 | -4/Warlord | Lost 4 allies 13637 | -4/Warlord | Spotted B-90 Cyclops 13639 | -4/Warlord | Spotted Striker 13659 | -4/Warlord | Destroyed Striker 13690 | -4/Warlord | Lost 9 allies 13847 | -4/Warlord | Spotted Striker 13881 | -4/Warlord | Build established: Scavenger-Mutant 13885 | -4/Warlord | Spotted Striker 13902 | -4/Warlord | Found Prototype Ballistic Cannon 13902 | -4/Warlord | Identified Hvy. Autocannon 13905 | -4/Warlord | Warlord base infiltrated, sounded retreat 13918 | -4/Warlord | Attached CPS modules to B-74 Champion. 13944 | -4/Warlord | Spotted Striker 13982 | -4/Warlord | Found Prototype Device 13982 | -4/Warlord | Identified Exp. Shock Absorption System 14012 | -4/Warlord | Spotted Striker 14025 | -4/Warlord | Destroyed Striker 14117 | -4/Warlord | Lost 4 allies 14125 | -4/Warlord | Discovered new exit (range 14) 14129 | -4/Warlord | Identified exit to Proximity Caves 14149 | -4/Warlord | Spotted Executioner 14188 | -4/Warlord | Lost 4 allies 14197 | -4/Warlord | Build established: Scavenger-Gunner 14239 | -4/Warlord | Entered Proximity Caves 14319 | -3/Proximity Caves | Discovered new exit (range 6) 14321 | -3/Proximity Caves | Identified exit to Research 14357 | -3/Proximity Caves | Entered Research 14357 | -3/Research | Evolved 2 slots: Utility x2 14360 | -3/Research | Loaded intel: 4 garrison access locations 14369 | -3/Research | Identified System Mapper 14500 | -3/Research | Identified exit to Quarantine 14557 | -3/Research | Revision forces began assault on 0b10 14728 | -3/Research | Central database locked down 14761 | -3/Research | Loaded intel: 5 recycling unit locations 14854 | -3/Research | Build established: Hacker-Mutant 14861 | -3/Research | Repaired Antigrav Array+? 14908 | -3/Research | Fabricated Enh. Hardcell Cannon? 14919 | -3/Research | Found Prototype Device 14919 | -3/Research | Identified Exp. ECM Suite 15018 | -3/Research | Met up with Revision 17++ 15057 | -3/Research | Research terminal network offline 15220 | -3/Research | Found Gamma Bomb Array 15222 | -3/Research | Build established: Hacker-Gunner 15239 | -3/Research | Entered Quarantine 15299 | -3/Quarantine | Found Alien Artifact 15302 | -3/Quarantine | Found Alien Artifact 15393 | -3/Quarantine | Cryocooling Duct disabled 15408 | -3/Quarantine | Ambient heat levels rising (+20) 15408 | -3/Quarantine | Non-combat units ordered to evacuate 15418 | -3/Quarantine | Found Alien Artifact 15430 | -3/Quarantine | Found Alien Slashing Weapon 15430 | -3/Quarantine | Identified Sigix Broadsword 15498 | -3/Quarantine | Identified exit to Research 15567 | -3/Quarantine | Build established: Hacker-Mutant 15645 | -3/Quarantine | Repaired Broken Cld. Antigrav System? 15745 | -3/Quarantine | Found Alien Energy Cannon 15745 | -3/Quarantine | Identified Core Cannon 15750 | -3/Quarantine | Identified Subatomic Replicator 15750 | -3/Quarantine | Used Subatomic Replicator to create Alien Artifact 15773 | -3/Quarantine | Identified Supercharged TR 15773 | -3/Quarantine | Identified Dimensional Node Initializer 15932 | -3/Quarantine | System corruption reached 10% 16004 | -3/Quarantine | Lost 3 parts (1n1u1w) 16005 | -3/Quarantine | Entered Research 16005 | -2/Research | Evolved 2 slots: Utility x2 16053 | -2/Research | Identified exit to Testing 16083 | -2/Research | Spotted B-90 Cyclops 16171 | -2/Research | Loaded intel: 5 recycling unit locations 16194 | -2/Research | Incoming investigation squad redirected 16324 | -2/Research | Found Prototype Device 16327 | -2/Research | Identified Adv. Particle Accelerator 16327 | -2/Research | Central database locked down 16343 | -2/Research | Discovered new exit (range 19) 16361 | -2/Research | Entered Testing 16383 | -2/Testing | Found Prototype Energy Cannon 16383 | -2/Testing | Identified Cld. Nova Cannon 16404 | -2/Testing | Build established: Scavenger-Gunner 16418 | -2/Testing | Found Prototype Energy Gun 16418 | -2/Testing | Identified Hyp. EM Gauss Rifle 16458 | -2/Testing | Found Prototype Energy Cannon 16458 | -2/Testing | Identified Hpw. Disruptor Cannon 16516 | -2/Testing | Found Prototype Device 16520 | -2/Testing | Identified Exp. EM Shield 16542 | -2/Testing | Found Prototype Energy Cannon 16583 | -2/Testing | Protovariant out of control (PH-F895LSYO6L) 16583 | -2/Testing | Unleashed a protovariant (PH-F895LSYO6L) 16597 | -2/Testing | Spotted PY-1BRRXOQFZ6 16623 | -2/Testing | Found Prototype Ballistic Gun 16623 | -2/Testing | Identified Hyp. Multirail 16683 | -2/Testing | Found Prototype Launcher 16683 | -2/Testing | Identified Point Singularity Launcher 16728 | -2/Testing | Found Prototype Energy Cannon 16728 | -2/Testing | Identified Disintegrator 16797 | -2/Testing | Unchained authorized (CL-0N3) 16799 | -2/Testing | Found Prototype Device 16799 | -2/Testing | Identified Exp. EM Disruption Field 16839 | -2/Testing | Identified exit to Access 17010 | -2/Testing | Destroyed 7 combat bots 17027 | -2/Testing | Build established: Scientist-Gunner 17062 | -2/Testing | Spotted Fortress 17086 | -2/Testing | Discovered new exit (range 6) 17086 | -2/Testing | Discovered new exit (range 7) 17087 | -2/Testing | Identified exit to Protoforge 17089 | -2/Testing | Entered Protoforge 17103 | -2/Protoforge | Spotted Hotshot 17103 | -2/Protoforge | Spotted Hotshot 17103 | -2/Protoforge | Superfortress began startup sequence 17139 | -2/Protoforge | Destroyed Hotshot 17142 | -2/Protoforge | Destroyed Hotshot 17202 | -2/Protoforge | Discovered exit to Access (range 8) 17241 | -2/Protoforge | Found Prototype Protection 17241 | -2/Protoforge | Identified Cep. Core Shell 17255 | -2/Protoforge | Additional patrols dispatched to research labs 17299 | -2/Protoforge | Spotted Hotshot 17305 | -2/Protoforge | Spotted Hotshot 17308 | -2/Protoforge | Destroyed Hotshot 17310 | -2/Protoforge | Spotted Hotshot 17311 | -2/Protoforge | Destroyed Hotshot 17317 | -2/Protoforge | Destroyed Hotshot 17342 | -2/Protoforge | Spotted Hotshot 17346 | -2/Protoforge | Destroyed Hotshot 17379 | -2/Protoforge | Spotted Hotshot 17379 | -2/Protoforge | Destroyed Hotshot 17383 | -2/Protoforge | Spotted Hotshot 17384 | -2/Protoforge | Destroyed Hotshot 17405 | -2/Protoforge | Destroyed 11 combat bots 17408 | -2/Protoforge | Found Prototype Device 17446 | -2/Protoforge | System corruption reached 10% 17462 | -2/Protoforge | Spotted Immortal 17462 | -2/Protoforge | Spotted Immortal 17478 | -2/Protoforge | Destroyed Immortal 17487 | -2/Protoforge | Destroyed Immortal 17489 | -2/Protoforge | Spotted Decapitator 17489 | -2/Protoforge | Spotted Decapitator 17489 | -2/Protoforge | Spotted Decapitator 17489 | -2/Protoforge | Spotted Decapitator 17491 | -2/Protoforge | Destroyed Decapitator 17496 | -2/Protoforge | Destroyed Decapitator 17496 | -2/Protoforge | Destroyed Decapitator 17499 | -2/Protoforge | Destroyed Decapitator 17525 | -2/Protoforge | Lost 3 parts (1n2u) 17538 | -2/Protoforge | Spotted Hotshot 17561 | -2/Protoforge | Destroyed Hotshot 17562 | -2/Protoforge | Spotted Hotshot 17568 | -2/Protoforge | Destroyed Hotshot 17589 | -2/Protoforge | First assault squad dispatched 17610 | -2/Protoforge | Incoming assault squad redirected 17660 | -2/Protoforge | Destroyed V952-e 17669 | -2/Protoforge | Found Cep. Zero-point Core 17692 | -2/Protoforge | Found Cep. Zero-point Core 17699 | -2/Protoforge | Scanned by Researcher 17732 | -2/Protoforge | Found Cep. Zero-point Core 17811 | -2/Protoforge | Spotted EXE-6 17811 | -2/Protoforge | Spotted EXE-6 17822 | -2/Protoforge | UFD initiated attack on Protoforge 17822 | -2/Protoforge | Loaded intel: 3 recycling unit locations 17850 | -2/Protoforge | Destroyed EXE-6 17858 | -2/Protoforge | Optimus greeted in Protoforge 17861 | -2/Protoforge | Found Exp. Armor Integrity Analyzer 17867 | -2/Protoforge | Found Prototype Device 17881 | -2/Protoforge | Initialized slip node 17904 | -2/Protoforge | Spotted Overlord 17909 | -2/Protoforge | Lost 3 allies 17943 | -2/Protoforge | Found Prototype Device 17943 | -2/Protoforge | Identified Adv. Kinecellerator 17948 | -2/Protoforge | Found Prototype Device 17948 | -2/Protoforge | Identified Exp. Remote Shield 17953 | -2/Protoforge | Found Prototype Device 17953 | -2/Protoforge | Identified Exp. Transmission Jammer 17982 | -2/Protoforge | Warped through subspace to slip node 17983 | -2/Protoforge | Met 7R-MNS 17992 | -2/Protoforge | Spotted Executioner 18000 | -2/Protoforge | Spotted Executioner 18007 | -2/Protoforge | Spotted Striker 18007 | -2/Protoforge | Spotted Hotshot 18007 | -2/Protoforge | Spotted Decapitator 18015 | -2/Protoforge | Found Prototype Processor 18015 | -2/Protoforge | Identified Exp. Melee Analysis Suite 18023 | -2/Protoforge | Found Prototype Device 18023 | -2/Protoforge | Identified Cep. Matter Streamer 18032 | -2/Protoforge | Found Prototype Processor 18032 | -2/Protoforge | Identified Exp. Targeting Computer 18039 | -2/Protoforge | Found Cep. NT7 Matterbank 18040 | -2/Protoforge | Lost 18 allies 18068 | -2/Protoforge | Identified Exp. Kinecellerator 18068 | -2/Protoforge | Forge Plexus network access discovered 18103 | -2/Protoforge | Fabricated Antigrav Array (x1) 18138 | -2/Protoforge | Spotted Executioner 18142 | -2/Protoforge | Spotted Striker 18158 | -2/Protoforge | Spotted Striker 18171 | -2/Protoforge | Lost 4 allies 18204 | -2/Protoforge | Spotted Executioner 18212 | -2/Protoforge | Spotted Executioner 18254 | -2/Protoforge | Spotted Striker 18256 | -2/Protoforge | Spotted Striker 18271 | -2/Protoforge | Destroyed Striker 18292 | -2/Protoforge | Lost 6 parts (3n2u1w) 18324 | -2/Protoforge | Spotted Striker 18329 | -2/Protoforge | Spotted Striker 18330 | -2/Protoforge | Core integrity fell below 50% 18351 | -2/Protoforge | Destroyed Striker 18372 | -2/Protoforge | Spotted Executioner 18383 | -2/Protoforge | Lost 3 parts (1n1u1w) 18404 | -2/Protoforge | UFD reported confirmed Drillbomb installation 18436 | -2/Protoforge | Spotted Striker 18437 | -2/Protoforge | Spotted Executioner 18459 | -2/Protoforge | Spotted Executioner 18530 | -2/Protoforge | Spotted Executioner 18536 | -2/Protoforge | Spotted Executioner 18537 | -2/Protoforge | Spotted Striker 18545 | -2/Protoforge | Spotted Executioner 18552 | -2/Protoforge | Spotted Executioner 18553 | -2/Protoforge | Spotted Striker 18565 | -2/Protoforge | Spotted Executioner 18607 | -2/Protoforge | Identified Potential Cannon 18654 | -2/Protoforge | Lost 21 allies 18718 | -2/Protoforge | Build established: Scavenger-Gunner 18799 | -2/Protoforge | Spotted Executioner 18837 | -2/Protoforge | Lost 5 allies 18994 | -2/Protoforge | Found Exp. Active Sensor Suite 19228 | -2/Protoforge | Identified Crosscalibrator 19236 | -2/Protoforge | Spotted V180-r 19237 | -2/Protoforge | Spotted V748-q 19237 | -2/Protoforge | Spotted V297-b 19339 | -2/Protoforge | Spotted Decapitator 19339 | -2/Protoforge | Spotted Decapitator 19340 | -2/Protoforge | Spotted Decapitator 19346 | -2/Protoforge | Destroyed Decapitator 19346 | -2/Protoforge | Destroyed Decapitator 19350 | -2/Protoforge | Destroyed Decapitator 19429 | -2/Protoforge | Found Exp. Force Field 19433 | -2/Protoforge | Found Cep. RG22 Armor 19449 | -2/Protoforge | Found Cep. Projectile Intercept Suite 19623 | -2/Protoforge | Found Cep. Core Shell 19631 | -2/Protoforge | Found Exp. EM Disruption Field 19648 | -2/Protoforge | Found Exp. EM Disruption Field 19657 | -2/Protoforge | Found Exp. EM Disruption Field 19670 | -2/Protoforge | Found Exp. EM Disruption Field 19711 | -2/Protoforge | Found Faulty Cep. Gyrokinetic System 19721 | -2/Protoforge | Found Cep. Combat Aerolev Unit 19726 | -2/Protoforge | Found Cep. Gyrokinetic System 19870 | -2/Protoforge | Found Cep. Gyrokinetic System 19880 | -2/Protoforge | Spotted V495-m 20004 | -2/Protoforge | Found Prototype Processor 20004 | -2/Protoforge | Identified Spectral Analyzer 20007 | -2/Protoforge | Spotted Executioner 20019 | -2/Protoforge | Lost 5 allies 20031 | -2/Protoforge | Spotted Striker 20032 | -2/Protoforge | Spotted Executioner 20032 | -2/Protoforge | Spotted Executioner 20048 | -2/Protoforge | Found Exp. Core Analyzer 20057 | -2/Protoforge | Optimus destroyed during the operation 20088 | -2/Protoforge | Destroyed Executioner 20096 | -2/Protoforge | Lost 6 allies 20162 | -2/Protoforge | Build established: Scavenger-Scout 20183 | -2/Protoforge | Found Faulty Cep. Combat Aerolev Unit 20306 | -2/Protoforge | Spotted Decapitator 20306 | -2/Protoforge | Spotted Decapitator 20306 | -2/Protoforge | Spotted Decapitator 20306 | -2/Protoforge | Spotted Decapitator 20315 | -2/Protoforge | Destroyed Decapitator 20318 | -2/Protoforge | Destroyed Decapitator 20322 | -2/Protoforge | Destroyed Decapitator 20325 | -2/Protoforge | Destroyed Decapitator 20346 | -2/Protoforge | Found Cep. XC Strikerail 20349 | -2/Protoforge | Found Cep. Helical Railcannon 20353 | -2/Protoforge | Found Cep. Heavy Railcannon 20359 | -2/Protoforge | Found Cep. Plasma Driver 20362 | -2/Protoforge | Found Faulty Cep. Plasma Driver 20402 | -2/Protoforge | Spotted Immortal 20402 | -2/Protoforge | Spotted Immortal 20505 | -2/Protoforge | Found Cep. Antigrav Storage Unit 20508 | -2/Protoforge | Found Cep. Chromion Battery 20521 | -2/Protoforge | Found Cep. NT7 Matterbank 20529 | -2/Protoforge | Found Cep. Matter Streamer 20618 | -2/Protoforge | Found Transdimensional Reconstructor 20624 | -2/Protoforge | Found Cep. Nanofilaments [Tensile] 20624 | -2/Protoforge | Installed Cep. Nanofilaments [Tensile], 3 resistances modified: KI +20%, TH -10%, I +20% 20636 | -2/Protoforge | Found Cep. Navigation Harness 20657 | -2/Protoforge | Spotted AP7-3 20657 | -2/Protoforge | Spotted AP7-3 20704 | -2/Protoforge | Destroyed AP7-3 20723 | -2/Protoforge | Destroyed AP7-3 20758 | -2/Protoforge | Found Cep. Core Analysis Suite 20759 | -2/Protoforge | Found Cep. Thermoelectric Network 21133 | -2/Protoforge | Found Exp. Active Sensor Suite 21226 | -2/Protoforge | Spotted Striker 21230 | -2/Protoforge | Spotted Striker 21278 | -2/Protoforge | Found Exp. Core Analyzer 21307 | -2/Protoforge | Spotted Executioner 21309 | -2/Protoforge | Spotted Striker 21372 | -2/Protoforge | Lost 4 allies 21378 | -2/Protoforge | Found Exp. Targeting Computer 21401 | -2/Protoforge | UFD reported confirmed Drillbomb installation 21480 | -2/Protoforge | Destroyed Immortal 21484 | -2/Protoforge | Found Prototype Device 21484 | -2/Protoforge | Identified Cep. Antimissile System 21518 | -2/Protoforge | Destroyed Immortal 21523 | -2/Protoforge | Spotted V653-b 21523 | -2/Protoforge | Spotted V533-n 21533 | -2/Protoforge | Spotted V118-v 21583 | -2/Protoforge | Spotted Executioner 21583 | -2/Protoforge | Spotted Executioner 21592 | -2/Protoforge | Spotted Executioner 21601 | -2/Protoforge | Destroyed Executioner 21606 | -2/Protoforge | Spotted Striker 21668 | -2/Protoforge | Lost 3 allies 21724 | -2/Protoforge | Found Cep. Networked Targeting System 21727 | -2/Protoforge | Found Cep. Hypertargeting System 21729 | -2/Protoforge | Found Cep. Weapon Articulator 21733 | -2/Protoforge | Found Prototype Processor 21733 | -2/Protoforge | Identified Cep. Melee Reflex Suite 21737 | -2/Protoforge | Found Exp. Kinecellerator 21758 | -2/Protoforge | Found Cep. Antigrav Storage Unit 21762 | -2/Protoforge | Found Cep. NT7 Matterbank 21770 | -2/Protoforge | Found Cep. Chromion Battery 21852 | -2/Protoforge | Entered Access 21852 | -1/Access | Evolved 2 slots: Power x1, Utility x1 21869 | -1/Access | Found Quantum Capacitor 21913 | -1/Access | Incoming investigation squad redirected 21925 | -1/Access | Discovered new exit (range 7) 21927 | -1/Access | Identified exit to Command 21930 | -1/Access | Entered Command 21958 | -1/Command | Incoming investigation squad redirected 22147 | -1/Command | Incoming investigation squad redirected 22180 | -1/Command | First assault squad dispatched 22208 | -1/Command | Incoming assault squad redirected 22215 | -1/Command | Spotted Executioner 22215 | -1/Command | Spotted Executioner 22218 | -1/Command | Destroyed 11 combat bots 22222 | -1/Command | Destroyed Executioner 22228 | -1/Command | Destroyed Executioner 22242 | -1/Command | Spotted M Guard 22263 | -1/Command | Spotted Combat Programmer 22264 | -1/Command | Spotted Combat Programmer 22278 | -1/Command | Destroyed Combat Programmer 22280 | -1/Command | Destroyed Combat Programmer 22285 | -1/Command | Spotted M Guard 22301 | -1/Command | Destroyed 7 combat bots 22302 | -1/Command | Destroyed M Guard 22303 | -1/Command | Destroyed M Guard 22303 | -1/Command | All MAIN.C guards destroyed 22310 | -1/Command | Found Corrupted Prototype Protection 22310 | -1/Command | Identified Hvy. Regenerative Plating 22311 | -1/Command | System corruption reached 10% 22334 | -1/Command | Met MAIN.C 22340 | -1/Command | 0b10 Conduit disabled 22401 | -1/Command | Destroyed MAIN.C Shell 22403 | -1/Command | Surrendered to MAIN.C 22403 | -1/Command | Loaded intel: 62 machine locations 22403 | -1/Command | Loaded intel: 120 trap records 22403 | -1/Command | Identified exit to Surface 22403 | -1/Command | Discovered exit to Surface (range 38) 22403 | -1/Command | Discovered exit to Surface (range 108) 22432 | -1/Command | Lost 12 parts (4n4u4w) 22523 | -1/Command | Found Zero-point Reactor 22527 | -1/Command | Found Vortex Chain Reactor 22531 | -1/Command | Found Prototype Device 22531 | -1/Command | Identified Adv. Kinecellerator 22535 | -1/Command | Found Prototype Device 22535 | -1/Command | Identified Exp. System Purifier 22541 | -1/Command | Found Exp. Targeting Computer 22550 | -1/Command | MAIN.C activated Command garrisons 22554 | -1/Command | Found Spectral Analyzer 22588 | -1/Command | Unknown forces attacked Command 22591 | -1/Command | Spotted EQ-001 22599 | -1/Command | Spotted EQ-000 22635 | -1/Command | Destroyed EQ-000 22642 | -1/Command | Lost 3 allies 22656 | -1/Command | Spotted EQ-002 22669 | -1/Command | Spotted EQ-019 22669 | -1/Command | Spotted EQ-018 22675 | -1/Command | Spotted EQ-020 22687 | -1/Command | Destroyed EQ-020 22695 | -1/Command | Spotted EQ-022 22704 | -1/Command | Spotted EQ-033 22708 | -1/Command | Destroyed EQ-019 22718 | -1/Command | Destroyed EQ-018 22724 | -1/Command | Spotted EQ-028 22724 | -1/Command | Spotted EQ-011 22724 | -1/Command | Spotted EQ-026 22728 | -1/Command | Core integrity fell below 50% 22733 | -1/Command | Destroyed EQ-011 22745 | -1/Command | Destroyed EQ-026 22761 | -1/Command | Spotted EQ-017 22761 | -1/Command | Spotted EQ-009 22765 | -1/Command | Destroyed EQ-017 22768 | -1/Command | Destroyed EQ-009 22770 | -1/Command | Spotted EQ-038 22770 | -1/Command | Spotted EQ-044 22787 | -1/Command | Destroyed EQ-038 22793 | -1/Command | Destroyed EQ-044 22804 | -1/Command | Spotted EQ-042 22806 | -1/Command | Build established: Gunner 22807 | -1/Command | Spotted EQ-047 22814 | -1/Command | Destroyed 9 combat bots 22820 | -1/Command | Lost 21 allies 22821 | -1/Command | Destroyed EQ-042 22821 | -1/Command | Spotted EQ-057 22835 | -1/Command | Spotted EQ-045 22841 | -1/Command | Destroyed EQ-047 22855 | -1/Command | Spotted EQ-007 22860 | -1/Command | Destroyed EQ-057 22863 | -1/Command | Destroyed EQ-007 22869 | -1/Command | Crushed by falling debris 22871 | -1/Command | Spotted EQ-053 22888 | -1/Command | Spotted EQ-070 22888 | -1/Command | Spotted EQ-063 22907 | -1/Command | Spotted EQ-082 22909 | -1/Command | Destroyed EQ-070 22917 | -1/Command | Spotted EQ-065 22938 | -1/Command | Lost 3 parts (1p1u1w) 22954 | -1/Command | Spotted EQ-076 22958 | -1/Command | Spotted EQ-050 22963 | -1/Command | Spotted EQ-069 22976 | -1/Command | Core integrity fell below 20% 22978 | *** | Escaped! Last Messages --------------- 22966_ The unstable cave ceiling collapses. 22966_ Exp. Biometal Leg crushed. 22967_ Penetrated by Slug. 22967_ Exp. Biometal Heavy Treads destroyed. 22967_ K-01 Serf collects debris. 22968_ Cep. RG22 Armor destroyed. 22969_ The unstable cave ceiling collapses. 22969_ Cep. Thermoelectric Network blasted off. 22969_ Penetrated by Slug. 22969_ Slug penetrates Earth. 22972_ Exp. Biometal Heavy Treads destroyed. 22972_ Exp. Targeting Computer destroyed. 22973_ Penetrated by Slug. 22973_ Com. Mass Driver destroyed. 22973_ Penetrated by Slug. 22973_ Slug penetrates Reinforced Barrier. 22974_ Exp. System Purifier purges 1% system corruption (5%). 22975_ Adv. Cooling System destroyed. 22975_ Zero-point Reactor destroyed. Map ----- +----------------------------------------------------+ | #??# # # ] #?###### | | #??# # # !!] #??????? | | ! #### # # =|%![ #??????? | | # # # # !*!% #####??????? | | ######## # # # "#####"T#########??????????? | | ?# # " #????#""#??????????????????? | | ?# # # #????####??????????????????? | | ?# # #! #????????###????????????#### | | ## # # #???????# #"###########?#??? | | # # #???????# # #?#?## | | + # #??????? # #?#?#" | | ######" !######## " #?#?#" | | ##?### *%[ #"##"" " #?#?#" | | = ^###"" !!* % "% #?#?#" | | ^^ !%!% % = ]! !#?#?#" | | ]] ^^ ]!% %%=!%=]!! #?#?#" | | ] ^##### !! !!]!! #?#?#" | | ###"#"###??#" ######%%==% ] #?#?# | | ############## #####??##%!*%!!/ #?#?# | | # #??# #??????? */%*== ] #?#?# | | # #??# #???????#!=%!!* #?#?#" | | + "" #??# #??????##!%=* #?#?#" | | # """" #??# #??????? ==## % %!########?# | | ## ## """" #??# #?######?"/ # !! !*#??# #?# | | ?# ## "" #??# #?# ###%# %%= [##"""#### | | ?# ## ! #### #?# @% ##=[[ % % %"%!%%% % | | ?# ## + #?# ###[ # ! [ * % %%% | | ?# ####+############?### ##*%= # =% [= % % | | ?# #??# #??????????????# ##!![% #"######## | | ?# #??# #??????????????# ; *%] = * ! #???#?# | | ?# #??# #??????###?????#!Q;! =!% [ #####?# | | ?# #??# #???#### ##????#*!Q!% = % " ##?## | | ?# ####+##### #????#*=%%%%!!= %% #####??? | | ?# # # #####*%=[!= ] #???#### | | ?# # * + "%!!%[%*;### = #??????? | | ## # # " *%%!%### % #??????? | | # = ! *" %!%!!["#### % #??????? | | + * *! +%! %]!=#?# =# % ###??????? | | ### # /[[ =%=/"=/ % ! #?### |% #!##????????? | | ### # /[[ " ] ""#### #??? !! #?????????? | | # # [[! " %# # #???# !%!% #?????????? | | # # %=% " !!!#% + #???# !=# #?????????? | | # ###+#"#+#" !!!# # #???# !%! /;?????????? | | # #?# #?# ## !! #! ] # #???# !% !;#????????? | | # ###+###+######## # #???#] % * #????????? | | + ## ## # #??? %] #????????? | | # ## ## = # *#??? #????????? | | ### ## ! ####### %#??? % #????????? | | # #????## =##?? ##????????? | | # "" ###### ### ! #?????????? | +----------------------------------------------------+ Best States ------------- Heat Dissipation 90 Coolant Potential 120 Energy Generation 89 Energy Capacity 1470 Matter Stores 784 Matter Capacity 1050 Sight Range 24 Robot Scan Range 20 Terrain Scan Range 20 Terrain Scan Density 10 ECM Strength 3 Jamming Range 16 Additional Mass Support 25 Armor Coverage 750 Resistance: KI 30 Resistance: I 20 Propulsion Shielding 90 Utility Shielding 90 Weapon Shielding 90 Point Defense Rating 480 Phase Shifting 10 Evasion (%) 73 Targeting Accuracy 42 Core Analysis 11 Armor Integrity Analysis 50 Recoil Reduction 7 Kinecelleration 66 Offensive Hacking 20 Defensive Hacking 14 Authchip Count 1 Item Schematics ----------------- Combat Drone Bay | -6/Data Miner | Free Lgt. Regenerative Plating | -6/Data Miner | Free Cld. Nuclear Pulse Thruster | -6/Data Miner | Free Exp. Heat Sink | -6/Data Miner | Free Ionic Axe | -6/Data Miner | Free Hvy. Siege Treads | -6/Data Miner | Free Adv. Power Amplifier | -6/Data Miner | Free Hvy. Disruptor Cannon | -6/Data Miner | Free Remote Force Field | -6/Data Miner | Free Linear Accelerator | -6/Data Miner | Free Antigrav Array | -3/Research | Scanalyzed Exp. Reaction Control System | -3/Research | Scanalyzed Enh. Hardcell Cannon | -3/Research | Hacked Adv. Matter Compressor | -2/Protoforge | Archive Prc. Phase Gun | -2/Protoforge | Archive Imp. KE Penetrator | -2/Protoforge | Archive Exp. Energy Well | -2/Protoforge | Archive Hds. Centrium Wheel | -2/Protoforge | Archive Adv. Myomer Leg | -2/Protoforge | Archive Exp. Gyrokinetic Inverter | -2/Protoforge | Archive Cld. Field Propulsion Drive | -2/Protoforge | Archive Centrium Medium Armor Plating | -2/Protoforge | Archive Imp. Q-thruster | -2/Protoforge | Archive Adv. Variable Charge Gun | -2/Protoforge | Archive Exp. Optical Array | -2/Protoforge | Archive Robot Schematics ------------------ Y-64 Sentinel | -6/Data Miner | Free A-15 Conveyor | -6/Data Miner | Free S-27 Virus | -6/Data Miner | Free Y-54 Guardian | -6/Data Miner | Free L-61 Swordsman | -6/Data Miner | Free O-32 Director | -6/Data Miner | Free X-72 Disruptor | -6/Data Miner | Free R-10 Processor | -2/Protoforge | Archive K-01 Serf | -2/Protoforge | Archive T-07 Excavator | -2/Protoforge | Archive Fabricated ------------ Combat Drone Bay | x1 | -5/Factory | Authchip Enh. Hardcell Cannon | x2 | -3/Research Antigrav Array | x1 | -2/Protoforge Repaired ---------- Antigrav Array | 32% | -3/Research Cld. Antigrav System | 40% | -3/Quarantine | Broken Studied --------- Titanium Leg | -6/Factory | Hacked Fission Core | -5/Factory | Hacked Antigrav Array | -3/Research | Hacked Mic. Antimatter Reactor | -2/Research | Hacked Cmb. Antigrav System | -2/Research | Hacked Com. HERF Cannon | -2/Research | Hacked Quantum Reactor | -2/Research | Hacked Hyp. Railgun | -2/Research | Hacked Enh. Hardcell Cannon | -2/Research | Hacked Cmb. Linear Gravjet | -2/Testing | Hacked Hyp. Mass Driver | -2/Testing | Hacked Lgt. Quantum Reactor | -2/Testing | Hacked Imp. Linear Gravjet | -2/Testing | Hacked Lgt. Antimatter Reactor | -2/Testing | Hacked Gamma Bomb Array | -2/Testing | Hacked Alien Tech Used ----------------- Sigix Broadsword Core Cannon Subatomic Replicator Dimensional Node Initializer Supercharged TR Concept Nanofilaments [Tensile] Achievements -------------- Dominance Asserted Power Plant Prodigal Son Challenges ------------ None Game ------ Seed PropulsionLongswordNanosword Manual? 0 Play Time 06:40:29 Cumulative 427.2 hours Start 2025.10.22 @ 17:07:48 End 2025.10.23 @ 03:58:33 Sessions 2 Manual Loads 0 Difficulty Rogue Special Mode None Game No. 226 Rogue 226 Adventurer 0 Explorer 0 Win Type 0 Total 19 Types 11/1/5/1/0/0/0/1/0/0 Lore% 91 Gallery% 84 Achievement% 76 Wizard Run 0 Options --------- Layout 2 ASCII 0 Keyboard 1 Movement Vi Keybinds 0 Fullscreen 1 Font 28/Cog Map View 50x52 Zoom Use 0% Tactical HUD 1 Map Filters NONE Filters NONE Steam 1 RUN: 578fbf62-35e1-48d5-9d76-ce495d22d6a6